Workbook

Sheet Schedule No. 1A
A1: Design, Supply, Installation, Testing & Commissioning of 230 kV and 132 kV Transmission Lines for Southern Area of Chattogram Division & Bangabandhu Hi-Tech City at Kaliakoir on Turnkey Basis (Contract No. PGCB/AIIB/000308-BGD/TL/Package-2)
A2: A. Anwara-Cox's Bazar (North) 230 kV double circuit transmission line (Initially charged at 132 kV): 109 km with 0.49 km river crossing portion (using twin ACSR mallard Conductor)
A3: Item | B3: Description | C3: Country of origin2 | D3: Unit | E3: Quantity | F3: Unit Price1 | H3: Total Price1 | I3: Taxes and Duties
F5: Foreign Currency [xxx] | G5: CIP | H5: Foreign Currency [xxx] CIP | I5: Local Currency [BDT]
A6: 1 | B6: 2 | C6: 3* | D6: 4 | E6: 5 | F6: 6 | G6: 7 | H6: 8= 5 x 7 | I6: 9
A7: Schedule No. 1A Plant and Mandatory Spare Parts Supplied from Abroad
A8: 1.Supply of 230 kV and 400kV double circuit towers, complete with all stubs, nuts, bolts, locking nuts, washers, phase conductors and earthwire, swivels/shackles, step bolts, tower notice and identification plates, ACDs, protective coating, earthing, etc.
A9: 1.1 | B9: Tower type "4D1-Q"
A10: 1.1.1 | B10: Tower type 4D1-Q+30 m | D10: each | E10: 3 | J10: =E10+E11 -> 6 | K10: 2
A11: 1.1.2 | B11: Tower type 4D1-Q+40 m | D11: each | E11: 3
A12: 1.2 | B12: Tower type 2DL
A13: 1.2.1 | B13: Tower type 2DL Standard | D13: each | E13: 10
A14: 1.2.2 | B14: Tower type 2DL+1.5 m | D14: each | E14: 10
A15: 1.2.3 | B15: Tower type 2DL+3 m | D15: each | E15: 18
A16: 1.2.4 | B16: Tower type 2DL+4.5 m | D16: each | E16: 28
A17: 1.2.5 | B17: Tower type 2DL+6 m | D17: each | E17: 33
A18: 1.2.6 | B18: Tower type 2DL+9 m | D18: each | E18: 43
A19: 1.2.7 | B19: Tower type 2DL+12 m | D19: each | E19: 36
A20: 1.3 | B20: Tower type "2D1" | J20: =SUM(E13:E19) -> 178 | K20: =SUM(F13:F19) -> 0
A21: 1.3.1 | B21: Tower type 2D1 Standard | D21: each | E21: 2
A22: 1.3.2 | B22: Tower type 2D1 +1.5 m | D22: each | E22: 2
A23: 1.3.3 | B23: Tower type 2D1 +3 m | D23: each | E23: 2 | L23: =J10+J20+J32+J40+J49+J100+J105+J59+J66+J77+J83+J90+J96+J97 -> 340 | M23: =K10+K20+K32+K40+K49+K100+K105 -> 2
A24: 1.3.4 | B24: Tower type 2D1 +4.5 m | D24: each | E24: 2
A25: 1.3.5 | B25: Tower type 2D1 +6 m | D25: each | E25: 2
A26: 1.3.6 | B26: Tower type 2D1 +9 m | D26: each | E26: 3
A27: 1.3.7 | B27: Tower type 2D1 +12 m | D27: each | E27: 4
A28: 1.3.8 | B28: Tower type 2D1 +15 m | D28: each | E28: 4
A29: 1.3.9 | B29: Tower type 2D1 +18 m | D29: each | E29: 3
A30: 1.3.10 | B30: Tower type 2D1 +21 m | D30: each | E30: 2
A31: 1.3.11 | B31: Tower type 2D1 +25 m | D31: each | E31: 2
A32: 1.4 | B32: Tower type "2D25" | J32: =SUM(E21:E31) -> 28 | K32: =SUM(F21:F30) -> 0
A33: 1.4.1 | B33: Tower type 2D25 Standard | D33: each | E33: 5
A34: 1.4.2 | B34: Tower type 2D25 +1.5 m | D34: each | E34: 2
A35: 1.4.3 | B35: Tower type 2D25+3 m | D35: each | E35: 4
A36: 1.4.4 | B36: Tower type 2D25 +4.5 m | D36: each | E36: 2
A37: 1.4.5 | B37: Tower type 2D25 +6 m | D37: each | E37: 5
A38: 1.4.6 | B38: Tower type 2D25 +9 m | D38: each | E38: 11
A39: 1.4.7 | B39: Tower type 2D25 +12 m | D39: each | E39: 5
A40: 1.4.8 | B40: Tower type 2D25 +15 m | D40: each | E40: 4 | J40: =SUM(E33:E40) -> 38 | K40: =SUM(F33:F40) -> 0
A41: 1.5 | B41: Tower type "2DT6"
A42: 1.5.1 | B42: Tower type 2DT6 Standard | D42: each | E42: 6
A43: 1.5.2 | B43: Tower type 2DT6+1.5 m | D43: each | E43: 3
A44: 1.5.3 | B44: Tower type 2DT6+3 m | D44: each | E44: 8
A45: 1.5.4 | B45: Tower type 2DT6+4.5 m | D45: each | E45: 3
A46: 1.5.5 | B46: Tower type 2DT6+6 m | D46: each | E46: 12
A47: 1.5.6 | B47: Tower type 2DT6+9 m | D47: each | E47: 14
A48: 1.5.7 | B48: Tower type 2DT6+12 m | D48: each | E48: 8
A49: 1.5.8 | B49: Tower type 2DT6+15 m | D49: each | E49: 8 | J49: =SUM(E42:E49) -> 62 | K49: =SUM(F42:F49) -> 0
A50: 1.6 | B50: Tower type "2D9"
A51: 1.6.1 | B51: Tower type 2D9 Standard | D51: each | E51: 1
A52: 1.6.2 | B52: Tower type 2D9+1.5 m | D52: each | E52: NIL
A53: 1.6.3 | B53: Tower type 2D9+3 m | D53: each | E53: NIL
A54: 1.6.4 | B54: Tower type 2D9+4.5 m | D54: each | E54: 1
A55: 1.6.5 | B55: Tower type 2D9+6 m | D55: each | E55: NIL
A56: 1.6.6 | B56: Tower type 2D9+9 m | D56: each | E56: 1
A57: 1.6.7 | B57: Tower type 2D9+12 m | D57: each | E57: 1
A58: 1.6.8 | B58: Tower type 2D9+15 m | D58: each | E58: 1
A59: 1.7 | B59: Tower type "2QL" | J59: =SUM(E51:E58) -> 5 | L59: Heavy Suspension Tower (2D1+2Q1) | M59: =SUM(J45+J77) -> 3
A60: 1.7.1 | B60: Tower type 2QL Standard | D60: each | E60: 1 | L60: Tension Tower | M60: =SUM(J52+#REF!+J59+J83+J90+J96) -> #REF!
A61: 1.7.2 | B61: Tower type 2QL+1.5 m | D61: each | E61: NIL
A62: 1.7.3 | B62: Tower type 2QL+3 m | D62: each | E62: NIL
A63: 1.7.4 | B63: Tower type 2QL+4.5 m | D63: each | E63: NIL
A64: 1.7.5 | B64: Tower type 2QL+6 m | D64: each | E64: 1
A65: 1.7.6 | B65: Tower type 2QL+9 m | D65: each | E65: 1
A66: 1.8 | B66: Tower type "2Q1" | J66: =SUM(E60:E65) -> 3
A67: 1.8.1 | B67: Tower type 2Q1 Standard | D67: each | E67: 1
A68: 1.8.2 | B68: Tower type 2Q1 +1.5 m | D68: each | E68: NIL
A69: 1.8.3 | B69: Tower type 2Q1 +3 m | D69: each | E69: NIL
A70: 1.8.4 | B70: Tower type 2Q1 +6 m | D70: each | E70: 1
A71: 1.8.5 | B71: Tower type 2Q1 +9 m | D71: each | E71: 1
A72: 1.8.6 | B72: Tower type 2Q1 +12 m | D72: each | E72: NIL
A73: 1.8.7 | B73: Tower type 2Q1 +15 m | D73: each | E73: NIL
A74: 1.8.8 | B74: Tower type 2Q1 +18 m | D74: each | E74: NIL
A75: 1.8.9 | B75: Tower type 2Q1 +21 m | D75: each | E75: NIL
A76: 1.8.10 | B76: Tower type 2Q1 +25 m | D76: each | E76: NIL
A77: 1.9 | B77: Tower type "2Q15" | J77: =SUM(E67:E71) -> 3
A78: 1.9.1 | B78: Tower type 2Q15 Standard | D78: each | E78: 1
A79: 1.9.2 | B79: Tower type 2Q15 +1.5 m | D79: each | E79: NIL
A80: 1.9.3 | B80: Tower type 2Q15 +3 m | D80: each | E80: NIL
A81: 1.9.4 | B81: Tower type 2Q15 +6 m | D81: each | E81: 1
A82: 1.9.5 | B82: Tower type 2Q15 +9 m | D82: each | E82: 1
A83: 1.10 | B83: Tower type "2Q30" | J83: =SUM(E78:E82) -> 3
A84: 1.10.1 | B84: Tower type 2Q30 Standard | D84: each | E84: 1
A85: 1.10.2 | B85: Tower type 2Q30+1.5 m | D85: each | E85: NIL
A86: 1.10.3 | B86: Tower type 2Q30+3 m | D86: each | E86: NIL
A87: 1.10.4 | B87: Tower type 2Q30+4.5 m | D87: each | E87: NIL
A88: 1.10.5 | B88: Tower type 2Q30+6 m | D88: each | E88: 1
A89: 1.10.6 | B89: Tower type 2Q30+9 m | D89: each | E89: 1
A90: 1.11 | B90: Tower type "2QT6" | J90: =SUM(E84:E89) -> 3
A91: 1.11.1 | B91: Tower type 2QT6 Standard | D91: each | E91: 1
A92: 1.11.2 | B92: Tower type 2QT6+1.5 m | D92: each | E92: NIL
A93: 1.11.3 | B93: Tower type 2QT6+3 m | D93: each | E93: NIL
A94: 1.11.4 | B94: Tower type 2QT6+4.5 m | D94: each | E94: NIL
A95: 1.11.5 | B95: Tower type 2QT6+ 6 m | D95: each | E95: 1
A96: 1.11.6 | B96: Tower type 2QT6+ 9 m | D96: each | E96: 1 | J96: =SUM(E91:E96) -> 3
A97: 1.12 | B97: Tower type "2T" | J97: =SUM(E98:E99) -> 2
A98: 1.12.1 | B98: Tower type 2T Standard | D98: each | E98: 1
A99: 1.12.2 | B99: Tower type 2T+3 m | D99: each | E99: 1
B100: River Crossing Portion | K100: =SUM(F51:F58) -> 0
A101: 1.13 | B101: Tower type 2DR
...

Sheet Schedule No. 1B
A1: Design, Supply, Installation, Testing & Commissioning of 230 kV and 132 kV Transmission Lines for Southern Area of Chattogram Division & Bangabandhu Hi-Tech City at Kaliakoir on Turnkey Basis (Contract No.PGCB/AIIB/000308-BGD/TL/Package-2)
A2: B. Bangabandhu Hi-Tech City-Kaliakoir 230 kV double circuit transmission line: 4.88 km (using Twin ACSR Mallard conductor)
A3: Item | B3: Description | C3: Country of origin2 | D3: Unit | E3: Quantity | F3: Unit Price1 | H3: Total Price1 | I3: Taxes and Duties
F5: Foreign Currency [xxx] | G5: CIP | H5: Foreign Currency [xxx] CIP | I5: Local Currency [BDT]
A6: 1 | B6: 2 | C6: 3* | D6: 4 | E6: 5 | F6: 6 | G6: 7 | H6: 8= 5 x 7 | I6: 9
A7: Schedule No. 1B Plant and Mandatory Spare Parts Supplied from Abroad
A8: 1.Supply of 230 kV double circuit towers, complete with all stubs, nuts, bolts, locking nuts, washers, phase conductors and earthwire, swivels/shackles, step bolts, tower notice and identification plates, ACDs, protective coating, earthing, etc.
A9: 1.1 | B9: Tower type "2DL"
A10: 1.1.1 | B10: Tower type 2DL Standard | D10: each | E10: 1
A11: 1.1.2 | B11: Tower type 2DL+1.5 m | D11: each | E11: NIL
A12: 1.1.3 | B12: Tower type 2DL+3 m | D12: each | E12: NIL
A13: 1.1.4 | B13: Tower type 2DL+4.5 m | D13: each | E13: NIL
A14: 1.1.5 | B14: Tower type 2DL+6 m | D14: each | E14: 1
A15: 1.1.6 | B15: Tower type 2DL+9 m | D15: each | E15: 1
A16: 1.1.7 | B16: Tower type 2DL+12 m | D16: each | E16: 1
A17: 1.2 | B17: Tower type "2D1" | J17: =SUM(E10:E16) -> 4 | K17: =SUM(F10:F16) -> 0
A18: 1.2.1 | B18: Tower type 2D1 Standard | D18: each | E18: 1
A19: 1.2.2 | B19: Tower type 2D1 +1.5 m | D19: each | E19: NIL
A20: 1.2.3 | B20: Tower type 2D1 +3 m | D20: each | E20: NIL
A21: 1.2.4 | B21: Tower type 2D1 +4.5 m | D21: each | E21: NIL
A22: 1.2.5 | B22: Tower type 2D1 +6 m | D22: each | E22: NIL
A23: 1.2.6 | B23: Tower type 2D1 +9 m | D23: each | E23: 1
A24: 1.2.7 | B24: Tower type 2D1 +12 m | D24: each | E24: NIL
A25: 1.2.8 | B25: Tower type 2D1 +15 m | D25: each | E25: NIL
A26: 1.2.9 | B26: Tower type 2D1 +18 m | D26: each | E26: NIL
A27: 1.2.10 | B27: Tower type 2D1 +21 m | D27: each | E27: 1
A28: 1.3 | B28: Tower type "2D25" | J28: =SUM(E18:E27) -> 3 | K28: =SUM(F18:F27) -> 0
A29: 1.3.1 | B29: Tower type 2D25 Standard | D29: each | E29: 1
A30: 1.3.2 | B30: Tower type 2D25 +1.5 m | D30: each | E30: NIL
A31: 1.3.3 | B31: Tower type 2D25+3 m | D31: each | E31: 1 | K31: =SUM(J17+J36+J28+J44+J53+J64+J70+J77+J83) -> 24
A32: 1.3.4 | B32: Tower type 2D25 +4.5 m | D32: each | E32: NIL
A33: 1.3.5 | B33: Tower type 2D25 +6 m | D33: each | E33: NIL
A34: 1.3.6 | B34: Tower type 2D25 +9 m | D34: each | E34: 1
A35: 1.3.7 | B35: Tower type 2D25 +12 m | D35: each | E35: NIL
A36: 1.3.8 | B36: Tower type 2D25 +15 m | D36: each | E36: 1 | J36: =SUM(E29:E36) -> 4 | K36: =SUM(F29:F36) -> 0
A37: 1.4 | B37: Tower type "2DT6"
A38: 1.4.1 | B38: Tower type 2DT6 Standard | D38: each | E38: 1
A39: 1.4.2 | B39: Tower type 2DT6+1.5 m | D39: each | E39: NIL
A40: 1.4.3 | B40: Tower type 2DT6+3 m | D40: each | E40: NIL
A41: 1.4.4 | B41: Tower type 2DT6+4.5 m | D41: each | E41: NIL
A42: 1.4.5 | B42: Tower type 2DT6+6 m | D42: each | E42: 1
A43: 1.4.6 | B43: Tower type 2DT6+9 m | D43: each | E43: 1
A44: 1.4.7 | B44: Tower type 2DT6+12 m | D44: each | E44: NIL | J44: =SUM(E38:E45) -> 3
A45: 1.4.8 | B45: Tower type 2DT6+15 m | D45: each | E45: NIL | K45: =SUM(F38:F45) -> 0
A46: 1.5 | B46: Tower type "2QL" | L46: Heavy Suspension Tower (2D1+2Q1) | M46: =SUM(J32+J64) -> 2
A47: 1.5.1 | B47: Tower type 2QL Standard | D47: each | E47: NIL | L47: Tension Tower | M47: =SUM(J39+#REF!+J46+J70+J77+J83) -> #REF!
A48: 1.5.2 | B48: Tower type 2QL+1.5 m | D48: each | E48: NIL
A49: 1.5.3 | B49: Tower type 2QL+3 m | D49: each | E49: NIL
A50: 1.5.4 | B50: Tower type 2QL+4.5 m | D50: each | E50: NIL
A51: 1.5.5 | B51: Tower type 2QL+6 m | D51: each | E51: 1
A52: 1.5.6 | B52: Tower type 2QL+9 m | D52: each | E52: 1
A53: 1.6 | B53: Tower type "2Q1" | J53: =SUM(E47:E52) -> 2
A54: 1.6.1 | B54: Tower type 2Q1 Standard | D54: each | E54: NIL
A55: 1.6.2 | B55: Tower type 2Q1 +1.5 m | D55: each | E55: NIL
A56: 1.6.3 | B56: Tower type 2Q1 +3 m | D56: each | E56: NIL
A57: 1.6.4 | B57: Tower type 2Q1 +6 m | D57: each | E57: 1
A58: 1.6.5 | B58: Tower type 2Q1 +9 m | D58: each | E58: 1
A59: 1.6.6 | B59: Tower type 2Q1 +12 m | D59: each | E59: NIL
A60: 1.6.7 | B60: Tower type 2Q1 +15 m | D60: each | E60: NIL
A61: 1.6.8 | B61: Tower type 2Q1 +18 m | D61: each | E61: NIL
A62: 1.6.9 | B62: Tower type 2Q1 +21 m | D62: each | E62: NIL
A63: 1.6.10 | B63: Tower type 2Q1 +25 m | D63: each | E63: NIL
A64: 1.7 | B64: Tower type "2Q15" | J64: =SUM(E54:E58) -> 2
A65: 1.7.1 | B65: Tower type 2Q15 Standard | D65: each | E65: NIL
A66: 1.7.2 | B66: Tower type 2Q15 +1.5 m | D66: each | E66: NIL
A67: 1.7.3 | B67: Tower type 2Q15 +3 m | D67: each | E67: NIL
A68: 1.7.4 | B68: Tower type 2Q15 +6 m | D68: each | E68: 1
A69: 1.7.5 | B69: Tower type 2Q15 +9 m | D69: each | E69: 1
A70: 1.8 | B70: Tower type "2Q30" | J70: =SUM(E65:E69) -> 2
A71: 1.8.1 | B71: Tower type 2Q30 Standard | D71: each | E71: NIL
A72: 1.8.2 | B72: Tower type 2Q30+1.5 m | D72: each | E72: NIL
A73: 1.8.3 | B73: Tower type 2Q30+3 m | D73: each | E73: NIL
A74: 1.8.4 | B74: Tower type 2Q30+4.5 m | D74: each | E74: NIL
A75: 1.8.5 | B75: Tower type 2Q30+6 m | D75: each | E75: 1
A76: 1.8.6 | B76: Tower type 2Q30+9 m | D76: each | E76: 1
A77: 1.9 | B77: Tower type "2QT6" | J77: =SUM(E71:E76) -> 2
A78: 1.9.1 | B78: Tower type 2QT6 Standard | D78: each | E78: NIL
A79: 1.9.2 | B79: Tower type 2QT6+1.5 m | D79: each | E79: NIL
A80: 1.9.3 | B80: Tower type 2QT6+3 m | D80: each | E80: NIL
A81: 1.9.4 | B81: Tower type 2QT6+4.5 m | D81: each | E81: NIL
A82: 1.9.5 | B82: Tower type 2QT6+ 6 m | D82: each | E82: 1
A83: 1.9.6 | B83: Tower type 2QT6+ 9 m | D83: each | E83: 1 | J83: =SUM(E78:E83) -> 2
A84: 1.10 | B84: Auxiliary crossarm for tower type 2DT6 | D84: per set of three | E84: 3
A85: 1.11 | B85: Auxiliary crossarm for tower type 2QT6 | D85: per set of three | E85: 4
A86: 1.12 | B86: Galvanized Tower Steel
A87: (a) | B87: Fabricated | D87: ton | E87: 10
A88: (b) | B88: Non-fabricated | D88: ton | E88: 5
A89: 2 | B89: Phase conductor, earthwire and OPGW cable, complete with repair sleeves and joints
A90: 2.1 | B90: Overland Portion
A91: 2.1.1 | B91: "ACSR Mallard" Phase Conductor (3 Phase, Double Circuit, Twin Conductor per phase on the line) | D91: Route km3 | E91: 4.88
A92: 2.1.2 | B92: 7x4.00mm equivalent OPGW inclusive of joint boxes, fixing clamps, fusion splices and connections to the joint boxes. One OPGW earthwire on the line. | D92: Route km3 | E92: 4.88
A93: 2.1.3 | B93: 7x4.00mm earthwire. One earthwire on the line. | D93: Route km3 | E93: 4.88
A94: 3 | B94: Insulator strings, with associated suspension and tension clamps for twin ACSR Mallard Conductor
A95: 3.1 | B95: Over Land Portion
A96: 3.1.1 | B96: a) Single suspension string, 120 kN -disc only | D96: Set | E96: =(J17+J53)*6 -> 36
B97: b) Single suspension string, 120 kN -fittings only | D97: Set | E97: =E96 -> 36
A98: 3.1.2 | B98: a) Single suspension string (Heavy Suspension), 210 kN -disc only | D98: Set | E98: =(J28+J64)*6 -> 30
B99: a) Single suspension string (Heavy Suspension), 210 kN -fittings only | D99: Set | E99: =E98 -> 30
A100: 3.1.3 | B100: a) Double tension string,2x210kN -disc only | D100: Set | E100: =(J36+J44+J70+J77+J83)*12 -> 156
B101: b) Double tension string,2x210kN -fittings only | D101: Set | E101: =E100 -> 156
...

Sheet Schedule No. 1C
A1: Design, Supply, Installation, Testing & Commissioning of 230 kV and 132 kV Transmission Lines for Southern Area of Chattogram Division & Bangabandhu Hi-Tech City at Kaliakoir on Turnkey Basis (Contract No. PGCB/AIIB/000308-BGD/TL/Package-2)
A2: C. Cox's Bazar (North)-Teknaf 132 kV double circuit transmission line: 65 km (using Single ACSR Grosbeak Conductor)
A3: Item | B3: Description | C3: Country of origin2 | D3: Unit | E3: Quantity | F3: Unit Price1 | H3: Total Price1 | I3: Taxes and Duties
F5: Foreign Currency [xxx] | G5: CIP | H5: Foreign Currency [xxx] CIP | I5: Local Currency [BDT]
A6: 1 | B6: 2 | C6: 3* | D6: 4 | E6: 5 | F6: 6 | G6: 7 | H6: 8= 5 x 7 | I6: 9
A7: Schedule No. 1C Plant and Mandatory Spare Parts Supplied from Abroad
A8: 1.Supply of 132 kV double circuit towers, complete with all stubs, nuts, bolts, locking nuts, washers, phase conductors and earthwire, swivels/shackles, step bolts, tower notice and identification plates, ACDs, protective coating, earthing, etc.
A9: 1.1 | B9: Tower type "1DL"
A10: 1.1.1 | B10: Tower type 1DL Standard | D10: each | E10: 20
A11: 1.1.2 | B11: Tower type 1DL+1.5 m | D11: each | E11: 25
A12: 1.1.3 | B12: Tower type 1DL+3 m | D12: each | E12: 25
A13: 1.1.4 | B13: Tower type 1DL+4.5 m | D13: each | E13: 40
A14: 1.1.5 | B14: Tower type 1DL+6 m | D14: each | E14: 52
A15: 1.1.6 | B15: Tower type 1DL+9 m | D15: each | E15: 52
A16: 1.2 | B16: Tower type "1D1" | J16: =SUM(E10:E15) -> 214 | K16: =SUM(F10:F15) -> 0
A17: 1.2.1 | B17: Tower type 1D1 Standard | D17: each | E17: NIL
A18: 1.2.2 | B18: Tower type 1D1 +1.5 m | D18: each | E18: NIL
A19: 1.2.3 | B19: Tower type 1D1 +3 m | D19: each | E19: NIL
A20: 1.2.4 | B20: Tower type 1D1 +4.5 m | D20: each | E20: NIL | N20: =J16+J24+J29+J36+J42+J51+J57+J64+J71 -> 350
A21: 1.2.5 | B21: Tower type 1D1 +6 m | D21: each | E21: 5
A22: 1.2.6 | B22: Tower type 1D1 +9 m | D22: each | E22: 5
A23: 1.2.7 | B23: Tower type 1D1 +12 m | D23: each | E23: 10
A24: 1.3 | B24: Tower type "1D25" | J24: =SUM(E17:E23) -> 20 | K24: =SUM(F17:F23) -> 0
A25: 1.3.1 | B25: Tower type 1D25 Standard | D25: each | E25: 5
A26: 1.3.2 | B26: Tower type 1D25 +1.5 m | D26: each | E26: 7
A27: 1.3.3 | B27: Tower type 1D25+3 m | D27: each | E27: 10
A28: 1.3.4 | B28: Tower type 1D25 +9 m | D28: each | E28: 18
A29: 1.4 | B29: Tower type "1DT6" | J29: =SUM(E25:E28) -> 40
A30: 1.4.1 | B30: Tower type 1DT6 Standard | D30: each | E30: 5
A31: 1.4.2 | B31: Tower type 1DT6+1.5 m | D31: each | E31: 5
A32: 1.4.3 | B32: Tower type 1DT6+3 m | D32: each | E32: 5
A33: 1.4.4 | B33: Tower type 1DT6+4.5 m | D33: each | E33: 9
A34: 1.4.5 | B34: Tower type 1DT6+6 m | D34: each | E34: 12
A35: 1.4.6 | B35: Tower type 1DT6+9 m | D35: each | E35: 12
A36: 1.5 | B36: Tower Type 1QL | J36: =SUM(E30:E35) -> 48
A37: 1.5.1 | B37: Tower Type 1QL Standard | D37: each | E37: NIL
A38: 1.5.2 | B38: Tower Type 1QL+1.5 m | D38: each | E38: NIL
A39: 1.5.3 | B39: Tower Type 1QL+3.0 m | D39: each | E39: 3
A40: 1.5.4 | B40: Tower Type 1QL+4.5 m | D40: each | E40: NIL
A41: 1.5.5 | B41: Tower Type 1QL+6.0 m | D41: each | E41: 3
A42: 1.5.6 | B42: Tower Type 1QL+9.0 m | D42: each | E42: 6 | J42: =SUM(E37:E42) -> 12
A43: 1.6 | B43: Tower Type 1Q15
A44: 1.6.1 | B44: Tower type 1Q15 Standard | D44: each | E44: NIL
A45: 1.6.2 | B45: Tower type 1Q15 +1.5 m | D45: each | E45: NIL
A46: 1.6.3 | B46: Tower type 1Q15 +3.0 m | D46: each | E46: NIL
A47: 1.6.4 | B47: Tower type 1Q15 +4.5 m | D47: each | E47: NIL
A48: 1.6.5 | B48: Tower type 1Q15 +6.0 m | D48: each | E48: 1
A49: 1.6.6 | B49: Tower type 1Q15+9.0 m | D49: each | E49: 1
A50: 1.6.7 | B50: Tower type 1Q15 +12.0 m | D50: each | E50: 1
A51: 1.6.8 | B51: Tower type 1Q15 +15.0 m | D51: each | E51: NIL | J51: =SUM(E44:E51) -> 3
A52: 1.7 | B52: Tower Type 1Q30
A53: 1.7.1 | B53: Tower type 1Q30 Standard | D53: each | E53: NIL
A54: 1.7.2 | B54: Tower type 1Q30 +3.0 m | D54: each | E54: 1
A55: 1.7.3 | B55: Tower type 1Q30 +4.5 m | D55: each | E55: NIL
A56: 1.7.4 | B56: Tower type 1Q30 +6.0 m | D56: each | E56: 1
A57: 1.7.5 | B57: Tower type 1Q30 +9.0 m | D57: each | E57: 1 | J57: =SUM(E53:E57) -> 3
A58: 1.8 | B58: Tower Type 1QT6
A59: 1.8.1 | B59: Tower type 1QT6 Standard | D59: each | E59: NIL
A60: 1.8.2 | B60: Tower type 1QT6+1.5 m | D60: each | E60: NIL
A61: 1.8.3 | B61: Tower type1QT6+3.0 m | D61: each | E61: 1
A62: 1.8.4 | B62: Tower type 1QT6+4.5 m | D62: each | E62: NIL
A63: 1.8.5 | B63: Tower Type 1QT6+6.0 m | D63: each | E63: 1
A64: 1.8.6 | B64: Tower Type 1QT6+9.0 m | D64: each | E64: 3 | J64: =SUM(E59:E64) -> 5
A65: 1.9 | B65: Pole
A66: 1.9.1 | B66: Pole type 1DLP | D66: each | E66: 1
A67: 1.9.2 | B67: Pole type 1D1P | D67: each | E67: 1
A68: 1.9.3 | B68: Pole type 1D25P | D68: each | E68: 1
A69: 1.9.4 | B69: Pole type 1DT6P | D69: each | E69: 1
A70: 1.9.5 | B70: Pole type 1D9P | D70: each | E70: 1
A71: 1.10 | B71: Auxiliary Crossarm for pole type 1DT6P | D71: per set of three | E71: 1 | J71: =SUM(E66:E70) -> 5 | K71: =SUM(F66:F69) -> 0
A72: 1.11 | B72: Auxiliary crossarm for tower type 1DT6 | D72: per set of three | E72: 3
A73: 1.12 | B73: Auxiliary crossarm for tower type 1QT6 | D73: per set of three | E73: 4
A74: 1.13 | B74: Galvanized Tower Steel
A75: (a) | B75: Fabricated | D75: ton | E75: 20
A76: (b) | B76: Non-fabricated | D76: ton | E76: 10
A77: 2 | B77: Phase conductor, earthwire and OPGW cable, complete with repair sleeves and joints
A78: 2.1 | B78: Overland Portion
A79: 2.1.1 | B79: "ACSR Grosbeak" Phase Conductor (3 Phase, Double Circuit, Single Conductor per phase on the line) | D79: Route km3 | E79: 65
A80: 2.1.2 | B80: 7x3.25mm equivalent OPGW inclusive of joint boxes, fixing clamps, fusion splices and connections to the joint boxes. One OPGW earthwire on the line. | D80: Route km3 | E80: 65
A81: 2.1.3 | B81: 7x3.25mm earthwire. One earthwire on the line. | D81: Route km3 | E81: 65
A82: 3 | B82: Insulator strings, with associated suspension and tension clamps for twin ACSR Mallard Conductor
A83: 3.1 | B83: Over Land Portion
A84: 3.1.1 | B84: a) Single suspension string, 70 kN -disc only | D84: Set | E84: =(J16+E66+J42)*6 -> 1362
B85: b) Single suspension string, 70 kN -fittings only | D85: Set | E85: =E84 -> 1362
A86: 3.1.2 | B86: a) Single suspension string (Heavy Suspension), 120 kN -disc only | D86: Set | E86: =(J24+E67)*6 -> 126
B87: a) Single suspension string (Heavy Suspension), 120 kN -fittings only | D87: Set | E87: =E86 -> 126
A88: 3.1.3 | B88: a) Single tension string, 120kN -disc only | D88: Set | E88: =(J29+J36+J51+J57+J64+E68+E69+E70)*12 -> 1224
B89: b) Single tension string, 120kN -fittings only | D89: Set | E89: =E88 -> 1224
A90: 3.1.4 | B90: a) Single jumper suspension I-string, having each string 1x70 kN-disc only | D90: Set | E90: =(J29+J36+J51+J57+J64+E68+E69+E70)*3 -> 306
B91: b) Single jumper suspension I-string, having each string 1x70 kN-fittings only | D91: Set | E91: =$E$90 -> 306
A92: 3.1.5 | B92: a) Single tension string, upright low duty 70kN- disc only | D92: Set | E92: 12
B93: b) Single tension string, upright low duty 70kN- fittings only | D93: Set | E93: 12
A94: 3.1.6 | B94: a) Single tension string, inverted low duty 70kN -discs only | D94: Set | E94: 12
B95: b) Single tension string, inverted low duty 70kN -fittings only | D95: Set | E95: 12
A96: 3.1.7 | B96: Counterweights for 120kN suspension insulator sets complete with yoke plate attachment bolts to be used for 1D1 towers:
A97: (a) | B97: - 40kg set | D97: each | E97: 3
A98: (b) | B98: - 80kg set | D98: each | E98: 3
A99: (c) | B99: - 120kg set | D99: each | E99: 5
A100: 4 | B100: Earthwire sets, complete with all accessories
A101: 4.1 | B101: Over Land Portion
...

Sheet Schedule No. 1D
A1: Design, Supply, Installation, Testing & Commissioning of 230 kV and 132 kV Transmission Lines for Southern Area of Chattogram Division & Bangabandhu Hi-Tech City at Kaliakoir on Turnkey Basis (Contract No. PGCB/AIIB/000308-BGD/TL/Package-2)
A2: D. 132 kV Line-In-Line-Out (LILO) at Cox’s Bazar (North) substation from Dohazari - Cox’s Bazar 132 kV double circuit transmission line: 1.55 km (using Single ACSR Grosbeak equivalent ACCC conductor)
A3: Item | B3: Description | C3: Country of origin2 | D3: Unit | E3: Quantity | F3: Unit Price1 | H3: Total Price1 | I3: Taxes and Duties
F5: Foreign Currency [xxx] | G5: CIP | H5: Foreign Currency [xxx] CIP | I5: Local Currency [BDT]
A6: 1 | B6: 2 | C6: 3* | D6: 4 | E6: 5 | F6: 6 | G6: 7 | H6: 8= 5 x 7 | I6: 9
A7: Schedule No. 1D Plant and Mandatory Spare Parts Supplied from Abroad
A8: 1.Supply of 132 kV double circuit towers, complete with all stubs, nuts, bolts, locking nuts, washers, phase conductors and earthwire, swivels/shackles, step bolts, tower notice and identification plates, ACDs, protective coating, earthing, etc.
A9: 1 | B9: Supply of 132 kV Double circuit towers, complete with all stubs, nuts, bolts, locking nuts, washers, phase conductors and earthwire, swivels/shackles, step bolts, tower notice and identification plates, ACDs, protective coating, earthing, etc.
A10: 1.1 | B10: Tower Type 1DT6
A11: 1.1.1 | B11: Tower Type 1DT6+6.0 m | D11: each | E11: 1
A12: 1.1.2 | B12: Tower Type 1DT6+9.0 m | D12: each | E12: 1
A13: 2 | B13: Supply of 132 kV Four circuit towers, complete with all stubs, nuts, bolts, locking nuts, washers, phase conductors and earthwire, swivels/shackles, step bolts, tower notice and identification plates, ACDs, protective coating, earthing, etc.
A14: 2.1 | B14: Tower Type 1QL
A15: 2.1.1 | B15: Tower Type 1QL+9.0 m | D15: each | E15: 1
A16: 2.2 | B16: Tower Type 1Q15
A17: 2.2.1 | B17: Tower type 1Q15 +15.0 m | D17: each | E17: 1
A18: 2.3 | B18: Tower Type 1Q30
A19: 2.3.1 | B19: Tower type 1Q30 +9.0 m | D19: each | E19: 2
A20: 2.4 | B20: Tower Type 1QT6
A21: 2.4.1 | B21: Tower Type 1QT6+9.0 m | D21: each | E21: 3
A22: 3 | B22: Auxiliary Crossarm for tower
A23: 3.1 | B23: Auxiliary Crossarm for Tower Type 1QT6 | D23: per set of three | E23: 4
A24: 4 | B24: Phase conductor, earthwire and OPGW cable, complete with repair sleeves and joints
A25: 4.1 | B25: "ACSR Grosbeak equivalent ACCC" (four circuit line, all circuits erected, one conductors per phase) [3] | D25: Route km3 | E25: 1.55
A26: 4.2 | B26: Two optical fibre ground wire, 24 fibres 7×3.25 steel earthwire equivalent OPGW, including joint box | D26: Route km3 | E26: 1.55
A27: 5 | B27: Insulator strings, with associated suspension and tension clamps for single "ACSR Grosbeak equivalent ACCC " Conductor
A28: 5.1 | B28: a) 70kN suspension Insulators set for single "ACSR Grosbeak equivalent ACCC" Conductor (Suspension) - disc only | D28: Set | E28: =(E15)*12 -> 12 | J28: =SUM(E11:E21) -> 9
B29: b) 70kN suspension Insulators set for single "ACSR Grosbeak equivalent ACCC" Conductor (Suspension) - hardware fittings only | D29: Set | E29: =E28 -> 12
A30: 5.2 | B30: a) 120kN tension Insulators Set for single "ACSR Grosbeak equivalent ACCC'' Conductor - disc only | D30: Set | E30: =E11*12+(E17+E19+E21)*24 -> 156
B31: b) 120kN tension Insulators Set for single "ACSR Grosbeak equivalent ACCC'' Conductor - hardware fittings only | D31: Set | E31: =E30 -> 156
A32: 5.3 | B32: a) 70kN jumper suspension Insulators Set forsingle "ACSR Grosbeak equivalent ACCC" Conductor - disc only | D32: Set | E32: =E11*6+E19*12+E21*12 -> 66
B33: b) 70kN jumper suspension Insulators Set forsingle "ACSR Grosbeak equivalent ACCC" Conductor - hardware fittings only | D33: Set | E33: =E32 -> 66
A34: 5.4 | B34: a) 70kN single upright low duty Insulators Set for single "ACSR Grosbeak equivalent ACCC" Conductor - disc only | D34: Set | E34: 12
B35: b) 70kN single upright low duty Insulators Set for single "ACSR Grosbeak equivalent ACCC" Conductor - hardware fittings only | D35: Set | E35: 12
A36: 5.5 | B36: a) 70kN single inverted low duty Insulators Set for single "ACSR Grosbeak equivalent ACCC" Conductor - disc only | D36: Set | E36: 12
B37: b) 70kN single inverted low duty Insulators Fittings Set for single "ACSR Grosbeak equivalent ACCC" Conductor - hardware fittings only | D37: Set | E37: 12
A38: 6 | B38: OPGW sets, complete with all accessories, incl. armour rods and earth bounds
A39: 6.1 | B39: Suspension set (including all fittings and accessories for surplus and to guide the OPGW to the joint box) | D39: set | E39: =E15*2 -> 2
A40: 6.2 | B40: Tension set (including all fittings and accessories for surplus and to guide the OPGW to the joint box) | D40: set | E40: =(E11+E15+E19+E21)*4 -> 28
A41: 7 | B41: Dampers
A42: 7.1 | B42: Vibration damper for phase conductor | D42: per span | E42: =6-1 -> 5
A43: 7.2 | B43: Vibration damper for OPGW | D43: per span | E43: =E42 -> 5
A44: 8 | B44: Aerial Markers
A45: 8.1 | B45: Air craft obstruction lights solar powered complete with lamps, solar, panels, batteries, control equipment cables, support framework, tower work platform etc. | D45: Per tower | E45: 1 | J45: =SUM(E38:E45) -> 41
A46: 8.2 | B46: Bird diverters | D46: pcs. | E46: 3
A47: 8.3 | B47: Bird guards, one bird guard per each crossarm applied on intermediate towers | D47: pcs. | E47: =(E15)*12 -> 12
A48: 8.4 | B48: Aircraft warning spheres | D48: pcs. | E48: 1
A49: 8.5 | B49: Painting of 60 meter and over tower in accordance with the requirements of the Technical Specification | D49: per tower | E49: 1
A50: 8.6 | B50: Painting of tower (Reflecting Paint) upto 3 meter in submerge area in accordance with the requirements of the Technical Specification | D50: per tower | E50: NIL
A51: 9 | B51: Mandatory Spare Parts and Tools | J51: =SUM(E47:E50) -> 14
A52: 9.1 | B52: Conductor "ACSR Grosbeak equivalent ACCC" type | D52: km | E52: 2
A53: 9.2 | B53: Optical fibre ground wire, 24 fibres 7×3.25 steel earthwire equivalent OPGW | D53: km | E53: 1
A54: 9.3 | B54: a) 70kN suspension Insulators set for single "ACSR Grosbeak equivalent ACCC" Conductor (Suspension) - disc only | D54: set | E54: 5
B55: b) 70kN suspension Insulators set for single "ACSR Grosbeak equivalent ACCC" Conductor (Suspension) - hardware fittings only | D55: set | E55: 5
A56: 9.4 | B56: a) 120kN tension Insulators Set for single "ACSR Grosbeak equivalent ACCC'' Conductor - disc only | D56: set | E56: 6
B57: b) 120kN tension Insulators Set for single "ACSR Grosbeak equivalent ACCC'' Conductor - hardware fittings only | D57: set | E57: 6
A58: 9.5 | B58: OPGW 24 fibres suspension set | D58: set | E58: 2
A59: 9.6 | B59: OPGW 24 fibres tension set | D59: set | E59: 2 | J59: =SUM(E55:E59) -> 21
A60: 9.7 | B60: OPGW junction box | D60: set | E60: 8
A61: 9.8 | B61: Vibration damper for phase conductor single "ACSR Grosbeakequivalent ACCC" Conductor | D61: each | E61: 6
A62: 9.9 | B62: Vibration damper for OPGW | D62: each | E62: 3
A63: 9.10 | B63: Repair sleeve for conductor - single "ACSR Grosbeak equivalent ACCC" Conductor | D63: pcs | E63: 3
A64: 9.11 | B64: Midspan joints for conductor single "ACSR Grosbeak equivalent ACCC Conductor" Conductor | D64: pcs | E64: 3
A65: 9.12 | B65: Bird diverters | D65: pcs | E65: 2
A66: 9.13 | B66: Bird guard | D66: pcs | E66: 4
A67: 9.14 | B67: Terminal ground resistance tester (tools) | D67: pcs | E67: 1
A68: 9.15 | B68: Temporary earthing equipment | D68: each | E68: 1
A69: 9.16 | B69: Motorised jointing compressor for conductor complete with dies suitable for conductors & earthwires to be used for this Contract | D69: each | E69: 1
A70: Total Columns 8 to be carried forward to Schedule No. 5 - Grand Summary
F73: Name of Bidder
F75: Signature of Bidder
B77: 1 Specify currencies in accordance with ITB 19.1 of the BDS. Create additional columns for up to a maximum of three foreign currencies, if so required.
B78: 2 Bidders shall enter a code representing the country of origin of all imported plant and equipment.
B79: 3 Definition of route km: Route km is the transmission line distance between two terminal points in plan view. Route km is exclusive sag and other electrical clearances, elevation differences etc. The Contractor shall incorporate all such extra costs in his unit rate.
A81: Country of Origin Declaration Form
A82: Item | B82: Description | C82: Code | D82: Country

Sheet Schedule No. 2A
A1: Design, Supply, Installation, Testing & Commissioning of 230 kV and 132 kV Transmission Lines for Southern Area of Chattogram Division & Bangabandhu Hi-Tech City at Kaliakoir on Turnkey Basis (Contract No. PGCB/AIIB/000308-BGD/TL/Package-2)
A2: A. Anwara-Cox's Bazar (North) 230 kV double circuit transmission line (Initially charged at 132 kV): 109 km with 0.49 km river crossing portion (using twin ACSR mallard Conductor)
A3: Item | B3: Description | C3: Unit | D3: Quantity | E3: Local Currency in BDT | G3: Foreign Currency in (xxx) | I3: Sales and Other Taxes
E5: Unit EXW Price1 | F5: Total EXW Price | G5: Unit EXW Price1 | H5: Total EXW Price | I5: Local Currency [BDT]
A6: 1 | B6: 2 | C6: 3 | D6: 4 | E6: 5 | F6: 6=4*5 | G6: 7 | H6: 8=4*7 | I6: 9
A7: Schedule No. 2A Plant and Mandatory Spare Parts Supplied From Within Employer's Country
A8: 1.Supply of 230 kV and 400kV double circuit towers, complete with all stubs, nuts, bolts, locking nuts, washers, phase conductors and earthwire, swivels/shackles, step bolts, tower notice and identification plates, ACDs, protective coating, earthing, etc.
A9: 1.1 | B9: Tower type "4D1-Q"
A10: 1.1.1 | B10: Tower type 4D1-Q+30 m | C10: each | D10: ='Schedule No. 1A'!E10 -> 3
A11: 1.1.2 | B11: Tower type 4D1-Q+40 m | C11: each | D11: ='Schedule No. 1A'!E11 -> 3 | J11: =SUM(D10:D11) -> 6
A12: 1.2 | B12: Tower type "2DL"
A13: 1.2.1 | B13: Tower type 2DL Standard | C13: each | D13: ='Schedule No. 1A'!E13 -> 10
A14: 1.2.2 | B14: Tower type 2DL+1.5 m | C14: each | D14: ='Schedule No. 1A'!E14 -> 10
A15: 1.2.3 | B15: Tower type 2DL+3 m | C15: each | D15: ='Schedule No. 1A'!E15 -> 18
A16: 1.2.4 | B16: Tower type 2DL+4.5 m | C16: each | D16: ='Schedule No. 1A'!E16 -> 28
A17: 1.2.5 | B17: Tower type 2DL+6 m | C17: each | D17: ='Schedule No. 1A'!E17 -> 33
A18: 1.2.6 | B18: Tower type 2DL+9 m | C18: each | D18: ='Schedule No. 1A'!E18 -> 43
A19: 1.2.7 | B19: Tower type 2DL+12 m | C19: each | D19: ='Schedule No. 1A'!E19 -> 36
A20: 1.3 | B20: Tower type "2D1" | J20: =SUM(D13:D19) -> 178
A21: 1.3.1 | B21: Tower type 2D1 Standard | C21: each | D21: ='Schedule No. 1A'!E21 -> 2
A22: 1.3.2 | B22: Tower type 2D1 +1.5 m | C22: each | D22: ='Schedule No. 1A'!E22 -> 2
A23: 1.3.3 | B23: Tower type 2D1 +3 m | C23: each | D23: ='Schedule No. 1A'!E23 -> 2 | L23: =J11+J20+J32+J40+J49+J100+J105 -> 323
A24: 1.3.4 | B24: Tower type 2D1 +4.5 m | C24: each | D24: ='Schedule No. 1A'!E24 -> 2
A25: 1.3.5 | B25: Tower type 2D1 +6 m | C25: each | D25: ='Schedule No. 1A'!E25 -> 2
A26: 1.3.6 | B26: Tower type 2D1 +9 m | C26: each | D26: ='Schedule No. 1A'!E26 -> 3
A27: 1.3.7 | B27: Tower type 2D1 +12 m | C27: each | D27: ='Schedule No. 1A'!E27 -> 4
A28: 1.3.8 | B28: Tower type 2D1 +15 m | C28: each | D28: ='Schedule No. 1A'!E28 -> 4
A29: 1.3.9 | B29: Tower type 2D1 +18 m | C29: each | D29: ='Schedule No. 1A'!E29 -> 3
A30: 1.3.10 | B30: Tower type 2D1 +21 m | C30: each | D30: ='Schedule No. 1A'!E30 -> 2
A31: 1.3.11 | B31: Tower type 2D1+25 m | C31: each | D31: ='Schedule No. 1A'!E31 -> 2
A32: 1.4 | B32: Tower type "2D25" | J32: =SUM(D21:D31) -> 28
A33: 1.4.1 | B33: Tower type 2D25 Standard | C33: each | D33: ='Schedule No. 1A'!E33 -> 5
A34: 1.4.2 | B34: Tower type 2D25 +1.5 m | C34: each | D34: ='Schedule No. 1A'!E34 -> 2
A35: 1.4.3 | B35: Tower type 2D25+3 m | C35: each | D35: ='Schedule No. 1A'!E35 -> 4
A36: 1.4.4 | B36: Tower type 2D25 +4.5 m | C36: each | D36: ='Schedule No. 1A'!E36 -> 2
A37: 1.4.5 | B37: Tower type 2D25 +6 m | C37: each | D37: ='Schedule No. 1A'!E37 -> 5
A38: 1.4.6 | B38: Tower type 2D25 +9 m | C38: each | D38: ='Schedule No. 1A'!E38 -> 11
A39: 1.4.7 | B39: Tower type 2D25 +12 m | C39: each | D39: ='Schedule No. 1A'!E39 -> 5
A40: 1.4.8 | B40: Tower type 2D25 +15 m | C40: each | D40: ='Schedule No. 1A'!E40 -> 4 | J40: =SUM(D33:D40) -> 38
A41: 1.5 | B41: Tower type "2DT6"
A42: 1.5.1 | B42: Tower type 2DT6 Standard | C42: each | D42: ='Schedule No. 1A'!E42 -> 6
A43: 1.5.2 | B43: Tower type 2DT6+1.5 m | C43: each | D43: ='Schedule No. 1A'!E43 -> 3
A44: 1.5.3 | B44: Tower type 2DT6+3 m | C44: each | D44: ='Schedule No. 1A'!E44 -> 8
A45: 1.5.4 | B45: Tower type 2DT6+4.5 m | C45: each | D45: ='Schedule No. 1A'!E45 -> 3
A46: 1.5.5 | B46: Tower type 2DT6+6 m | C46: each | D46: ='Schedule No. 1A'!E46 -> 12
A47: 1.5.6 | B47: Tower type 2DT6+9 m | C47: each | D47: ='Schedule No. 1A'!E47 -> 14
A48: 1.5.7 | B48: Tower type 2DT6+12 m | C48: each | D48: ='Schedule No. 1A'!E48 -> 8
A49: 1.5.8 | B49: Tower type 2DT6+15 m | C49: each | D49: ='Schedule No. 1A'!E49 -> 8 | J49: =SUM(D42:D49) -> 62
A50: 1.6 | B50: Tower type "2D9"
A51: 1.6.1 | B51: Tower type 2D9 Standard | C51: each | D51: ='Schedule No. 1A'!E51 -> 1
A52: 1.6.2 | B52: Tower type 2D9+1.5 m | C52: each | D52: ='Schedule No. 1A'!E52 -> NIL
A53: 1.6.3 | B53: Tower type 2D9+3 m | C53: each | D53: ='Schedule No. 1A'!E53 -> NIL
A54: 1.6.4 | B54: Tower type 2D9+4.5 m | C54: each | D54: ='Schedule No. 1A'!E54 -> 1
A55: 1.6.5 | B55: Tower type 2D9+6 m | C55: each | D55: ='Schedule No. 1A'!E55 -> NIL
A56: 1.6.6 | B56: Tower type 2D9+9 m | C56: each | D56: ='Schedule No. 1A'!E56 -> 1
A57: 1.6.7 | B57: Tower type 2D9+12 m | C57: each | D57: ='Schedule No. 1A'!E57 -> 1
A58: 1.6.8 | B58: Tower type 2D9+15 m | C58: each | D58: ='Schedule No. 1A'!E58 -> 1
A59: 1.7 | B59: Tower type "2QL" | L59: =SUM(E53:E58) -> 0 | N59: Heavy Suspension Tower (2D1+2Q1) | O59: =SUM(L45+L77) -> 0
A60: 1.7.1 | B60: Tower type 2QL Standard | C60: each | D60: ='Schedule No. 1A'!E60 -> 1 | N60: Tension Tower | O60: =SUM(L52+#REF!+L59+L83+L90+L96) -> #REF!
A61: 1.7.2 | B61: Tower type 2QL+1.5 m | C61: each | D61: ='Schedule No. 1A'!E61 -> NIL
A62: 1.7.3 | B62: Tower type 2QL+3 m | C62: each | D62: ='Schedule No. 1A'!E62 -> NIL
A63: 1.7.4 | B63: Tower type 2QL+4.5 m | C63: each | D63: ='Schedule No. 1A'!E63 -> NIL
A64: 1.7.5 | B64: Tower type 2QL+6 m | C64: each | D64: ='Schedule No. 1A'!E64 -> 1
A65: 1.7.6 | B65: Tower type 2QL+9 m | C65: each | D65: ='Schedule No. 1A'!E65 -> 1
A66: 1.8 | B66: Tower type "2Q1" | L66: =SUM(E60:E65) -> 0
A67: 1.8.1 | B67: Tower type 2Q1 Standard | C67: each | D67: ='Schedule No. 1A'!E67 -> 1
A68: 1.8.2 | B68: Tower type 2Q1 +1.5 m | C68: each | D68: ='Schedule No. 1A'!E68 -> NIL
A69: 1.8.3 | B69: Tower type 2Q1 +3 m | C69: each | D69: ='Schedule No. 1A'!E69 -> NIL
A70: 1.8.4 | B70: Tower type 2Q1 +6 m | C70: each | D70: ='Schedule No. 1A'!E70 -> 1
A71: 1.8.5 | B71: Tower type 2Q1 +9 m | C71: each | D71: ='Schedule No. 1A'!E71 -> 1
A72: 1.8.6 | B72: Tower type 2Q1 +12 m | C72: each | D72: ='Schedule No. 1A'!E72 -> NIL
A73: 1.8.7 | B73: Tower type 2Q1 +15 m | C73: each | D73: ='Schedule No. 1A'!E73 -> NIL
A74: 1.8.8 | B74: Tower type 2Q1 +18 m | C74: each | D74: ='Schedule No. 1A'!E74 -> NIL
A75: 1.8.9 | B75: Tower type 2Q1 +21 m | C75: each | D75: ='Schedule No. 1A'!E75 -> NIL
A76: 1.8.10 | B76: Tower type 2Q1 +25 m | C76: each | D76: ='Schedule No. 1A'!E76 -> NIL | K76: =SUM(D67:D76) -> 3
A77: 1.9 | B77: Tower type "2Q15" | L77: =SUM(E67:E71) -> 0
A78: 1.9.1 | B78: Tower type 2Q15 Standard | C78: each | D78: ='Schedule No. 1A'!E78 -> 1
A79: 1.9.2 | B79: Tower type 2Q15 +1.5 m | C79: each | D79: ='Schedule No. 1A'!E79 -> NIL
A80: 1.9.3 | B80: Tower type 2Q15 +3 m | C80: each | D80: ='Schedule No. 1A'!E80 -> NIL
A81: 1.9.4 | B81: Tower type 2Q15 +6 m | C81: each | D81: ='Schedule No. 1A'!E81 -> 1
A82: 1.9.5 | B82: Tower type 2Q15 +9 m | C82: each | D82: ='Schedule No. 1A'!E82 -> 1
A83: 1.10 | B83: Tower type "2Q30" | L83: =SUM(E78:E82) -> 0
A84: 1.10.1 | B84: Tower type 2Q30 Standard | C84: each | D84: ='Schedule No. 1A'!E84 -> 1
A85: 1.10.2 | B85: Tower type 2Q30+1.5 m | C85: each | D85: ='Schedule No. 1A'!E85 -> NIL
A86: 1.10.3 | B86: Tower type 2Q30+3 m | C86: each | D86: ='Schedule No. 1A'!E86 -> NIL
A87: 1.10.4 | B87: Tower type 2Q30+4.5 m | C87: each | D87: ='Schedule No. 1A'!E87 -> NIL
A88: 1.10.5 | B88: Tower type 2Q30+6 m | C88: each | D88: ='Schedule No. 1A'!E88 -> 1
A89: 1.10.6 | B89: Tower type 2Q30+9 m | C89: each | D89: ='Schedule No. 1A'!E89 -> 1
A90: 1.11 | B90: Tower type "2QT6" | L90: =SUM(E84:E89) -> 0
A91: 1.11.1 | B91: Tower type 2QT6 Standard | C91: each | D91: ='Schedule No. 1A'!E91 -> 1
A92: 1.11.2 | B92: Tower type 2QT6+1.5 m | C92: each | D92: ='Schedule No. 1A'!E92 -> NIL
A93: 1.11.3 | B93: Tower type 2QT6+3 m | C93: each | D93: ='Schedule No. 1A'!E93 -> NIL
A94: 1.11.4 | B94: Tower type 2QT6+4.5 m | C94: each | D94: ='Schedule No. 1A'!E94 -> NIL
A95: 1.11.5 | B95: Tower type 2QT6+ 6 m | C95: each | D95: ='Schedule No. 1A'!E95 -> 1
A96: 1.11.6 | B96: Tower type 2QT6+ 9 m | C96: each | D96: ='Schedule No. 1A'!E96 -> 1 | L96: =SUM(E91:E96) -> 0
A97: 1.12 | B97: Tower type "2T" | J97: =SUM(D98:D99) -> 2
A98: 1.12.1 | B98: Tower type 2T Standard | C98: each | D98: 1
A99: 1.12.2 | B99: Tower type 2T+3 m | C99: each | D99: 1
B100: River Crossing Portion | J100: =SUM(D51:D58) -> 5
A101: 1.13 | B101: Tower type 2DR
...

Sheet Schedule No. 2B
A1: Design, Supply, Installation, Testing & Commissioning of 230 kV and 132 kV Transmission Lines for Southern Area of Chattogram Division & Bangabandhu Hi-Tech City at Kaliakoir on Turnkey Basis (Contract No. PGCB/AIIB/000308-BGD/TL/Package-2)
A2: B. Bangabandhu Hi-Tech City-Kaliakoir 230 kV double circuit transmission line: 4.88 km (using Twin ACSR Mallard conductor)
A3: Item | B3: Description | C3: Unit | D3: Quantity | E3: Local Currency in BDT | G3: Foreign Currency in (xxx) | I3: Sales and Other Taxes
E5: Unit EXW Price1 | F5: Total EXW Price | G5: Unit EXW Price1 | H5: Total EXW Price | I5: Local Currency [BDT]
A6: 1 | B6: 2 | C6: 3 | D6: 4 | E6: 5 | F6: 6=4*5 | G6: 7 | H6: 8=4*7 | I6: 9
A7: Schedule No. 2B Plant and Mandatory Spare Parts Supplied From Within Employer's Country
A8: 1.Supply of 230 kV double circuit towers, complete with all stubs, nuts, bolts, locking nuts, washers, phase conductors and earthwire, swivels/shackles, step bolts, tower notice and identification plates, ACDs, protective coating, earthing, etc.
A9: 1.1 | B9: Tower type 2DL Standard | C9: each | D9: ='Schedule No. 1B'!E10 -> 1
A10: 1.1.1 | B10: Tower type 2DL+1.5 m | C10: each | D10: ='Schedule No. 1B'!E11 -> NIL
A11: 1.1.2 | B11: Tower type 2DL+3 m | C11: each | D11: ='Schedule No. 1B'!E12 -> NIL
A12: 1.1.3 | B12: Tower type 2DL+4.5 m | C12: each | D12: ='Schedule No. 1B'!E13 -> NIL
A13: 1.1.4 | B13: Tower type 2DL+6 m | C13: each | D13: ='Schedule No. 1B'!E14 -> 1
A14: 1.1.5 | B14: Tower type 2DL+9 m | C14: each | D14: ='Schedule No. 1B'!E15 -> 1
A15: 1.1.6 | B15: Tower type 2DL+12 m | C15: each | D15: ='Schedule No. 1B'!E16 -> 1
A16: 1.2 | B16: Tower type "2D1" | J16: =SUM(D9:D15) -> 4
A17: 1.2.1 | B17: Tower type 2D1 Standard | C17: each | D17: ='Schedule No. 1B'!E18 -> 1
A18: 1.2.2 | B18: Tower type 2D1 +1.5 m | C18: each | D18: ='Schedule No. 1B'!E19 -> NIL
A19: 1.2.3 | B19: Tower type 2D1 +3 m | C19: each | D19: ='Schedule No. 1B'!E20 -> NIL
A20: 1.2.4 | B20: Tower type 2D1 +4.5 m | C20: each | D20: ='Schedule No. 1B'!E21 -> NIL
A21: 1.2.5 | B21: Tower type 2D1 +6 m | C21: each | D21: ='Schedule No. 1B'!E22 -> NIL
A22: 1.2.6 | B22: Tower type 2D1 +9 m | C22: each | D22: ='Schedule No. 1B'!E23 -> 1
A23: 1.2.7 | B23: Tower type 2D1 +12 m | C23: each | D23: ='Schedule No. 1B'!E24 -> NIL
A24: 1.2.8 | B24: Tower type 2D1 +15 m | C24: each | D24: ='Schedule No. 1B'!E25 -> NIL
A25: 1.2.9 | B25: Tower type 2D1 +18 m | C25: each | D25: ='Schedule No. 1B'!E26 -> NIL
A26: 1.2.10 | B26: Tower type 2D1 +21 m | C26: each | D26: ='Schedule No. 1B'!E27 -> 1
A27: 1.3 | B27: Tower type "2D25" | J27: =SUM(D17:D26) -> 3
A28: 1.3.1 | B28: Tower type 2D25 Standard | C28: each | D28: ='Schedule No. 1B'!E29 -> 1
A29: 1.3.2 | B29: Tower type 2D25 +1.5 m | C29: each | D29: ='Schedule No. 1B'!E30 -> NIL
A30: 1.3.3 | B30: Tower type 2D25+3 m | C30: each | D30: ='Schedule No. 1B'!E31 -> 1 | K30: =SUM(J16+J27+J35+J44) -> 14
A31: 1.3.4 | B31: Tower type 2D25 +4.5 m | C31: each | D31: ='Schedule No. 1B'!E32 -> NIL
A32: 1.3.5 | B32: Tower type 2D25 +6 m | C32: each | D32: ='Schedule No. 1B'!E33 -> NIL
A33: 1.3.6 | B33: Tower type 2D25 +9 m | C33: each | D33: ='Schedule No. 1B'!E34 -> 1
A34: 1.3.7 | B34: Tower type 2D25 +12 m | C34: each | D34: ='Schedule No. 1B'!E35 -> NIL
A35: 1.3.8 | B35: Tower type 2D25 +15 m | C35: each | D35: ='Schedule No. 1B'!E36 -> 1 | J35: =SUM(D28:D35) -> 4
A36: 1.4 | B36: Tower type "2DT6"
A37: 1.4.1 | B37: Tower type 2DT6 Standard | C37: each | D37: ='Schedule No. 1B'!E38 -> 1
A38: 1.4.2 | B38: Tower type 2DT6+1.5 m | C38: each | D38: ='Schedule No. 1B'!E39 -> NIL
A39: 1.4.3 | B39: Tower type 2DT6+3 m | C39: each | D39: ='Schedule No. 1B'!E40 -> NIL
A40: 1.4.4 | B40: Tower type 2DT6+4.5 m | C40: each | D40: ='Schedule No. 1B'!E41 -> NIL
A41: 1.4.5 | B41: Tower type 2DT6+6 m | C41: each | D41: ='Schedule No. 1B'!E42 -> 1
A42: 1.4.6 | B42: Tower type 2DT6+9 m | C42: each | D42: ='Schedule No. 1B'!E43 -> 1
A43: 1.4.7 | B43: Tower type 2DT6+12 m | C43: each | D43: ='Schedule No. 1B'!E44 -> NIL
A44: 1.4.8 | B44: Tower type 2DT6+15 m | C44: each | D44: ='Schedule No. 1B'!E45 -> NIL | J44: =SUM(D37:D44) -> 3
A45: 1.5 | B45: Tower type "2QL" | L45: =SUM(E39:E44) -> 0 | N45: Heavy Suspension Tower (2D1+2Q1) | O45: =SUM(L31+L63) -> 0
A46: 1.5.1 | B46: Tower type 2QL Standard | C46: each | D46: ='Schedule No. 1B'!E47 -> NIL | N46: Tension Tower | O46: =SUM(L38+#REF!+L45+L69+L76+L82) -> #REF!
A47: 1.5.2 | B47: Tower type 2QL+1.5 m | C47: each | D47: ='Schedule No. 1B'!E48 -> NIL
A48: 1.5.3 | B48: Tower type 2QL+3 m | C48: each | D48: ='Schedule No. 1B'!E49 -> NIL
A49: 1.5.4 | B49: Tower type 2QL+4.5 m | C49: each | D49: ='Schedule No. 1B'!E50 -> NIL
A50: 1.5.5 | B50: Tower type 2QL+6 m | C50: each | D50: ='Schedule No. 1B'!E51 -> 1
A51: 1.5.6 | B51: Tower type 2QL+9 m | C51: each | D51: ='Schedule No. 1B'!E52 -> 1
A52: 1.6 | B52: Tower type "2Q1" | L52: =SUM(E46:E51) -> 0
A53: 1.6.1 | B53: Tower type 2Q1 Standard | C53: each | D53: ='Schedule No. 1B'!E54 -> NIL
A54: 1.6.2 | B54: Tower type 2Q1 +1.5 m | C54: each | D54: ='Schedule No. 1B'!E55 -> NIL
A55: 1.6.3 | B55: Tower type 2Q1 +3 m | C55: each | D55: ='Schedule No. 1B'!E56 -> NIL
A56: 1.6.4 | B56: Tower type 2Q1 +6 m | C56: each | D56: ='Schedule No. 1B'!E57 -> 1
A57: 1.6.5 | B57: Tower type 2Q1 +9 m | C57: each | D57: ='Schedule No. 1B'!E58 -> 1
A58: 1.6.6 | B58: Tower type 2Q1 +12 m | C58: each | D58: ='Schedule No. 1B'!E59 -> NIL
A59: 1.6.7 | B59: Tower type 2Q1 +15 m | C59: each | D59: ='Schedule No. 1B'!E60 -> NIL
A60: 1.6.8 | B60: Tower type 2Q1 +18 m | C60: each | D60: ='Schedule No. 1B'!E61 -> NIL
A61: 1.6.9 | B61: Tower type 2Q1 +21 m | C61: each | D61: ='Schedule No. 1B'!E62 -> NIL
A62: 1.6.10 | B62: Tower type 2Q1 +25 m | C62: each | D62: ='Schedule No. 1B'!E63 -> NIL | K62: =SUM(D53:D62) -> 2
A63: 1.7 | B63: Tower type "2Q15" | L63: =SUM(E53:E57) -> 0
A64: 1.7.1 | B64: Tower type 2Q15 Standard | C64: each | D64: ='Schedule No. 1B'!E65 -> NIL
A65: 1.7.2 | B65: Tower type 2Q15 +1.5 m | C65: each | D65: ='Schedule No. 1B'!E66 -> NIL
A66: 1.7.3 | B66: Tower type 2Q15 +3 m | C66: each | D66: ='Schedule No. 1B'!E67 -> NIL
A67: 1.7.4 | B67: Tower type 2Q15 +6 m | C67: each | D67: ='Schedule No. 1B'!E68 -> 1
A68: 1.7.5 | B68: Tower type 2Q15 +9 m | C68: each | D68: ='Schedule No. 1B'!E69 -> 1
A69: 1.8 | B69: Tower type "2Q30" | L69: =SUM(E64:E68) -> 0
A70: 1.8.1 | B70: Tower type 2Q30 Standard | C70: each | D70: ='Schedule No. 1B'!E71 -> NIL
A71: 1.8.2 | B71: Tower type 2Q30+1.5 m | C71: each | D71: ='Schedule No. 1B'!E72 -> NIL
A72: 1.8.3 | B72: Tower type 2Q30+3 m | C72: each | D72: ='Schedule No. 1B'!E73 -> NIL
A73: 1.8.4 | B73: Tower type 2Q30+4.5 m | C73: each | D73: ='Schedule No. 1B'!E74 -> NIL
A74: 1.8.5 | B74: Tower type 2Q30+6 m | C74: each | D74: ='Schedule No. 1B'!E75 -> 1
A75: 1.8.6 | B75: Tower type 2Q30+9 m | C75: each | D75: ='Schedule No. 1B'!E76 -> 1
A76: 1.9 | B76: Tower type "2QT6" | L76: =SUM(E70:E75) -> 0
A77: 1.9.1 | B77: Tower type 2QT6 Standard | C77: each | D77: ='Schedule No. 1B'!E78 -> NIL
A78: 1.9.2 | B78: Tower type 2QT6+1.5 m | C78: each | D78: ='Schedule No. 1B'!E79 -> NIL
A79: 1.9.3 | B79: Tower type 2QT6+3 m | C79: each | D79: ='Schedule No. 1B'!E80 -> NIL
A80: 1.9.4 | B80: Tower type 2QT6+4.5 m | C80: each | D80: ='Schedule No. 1B'!E81 -> NIL
A81: 1.9.5 | B81: Tower type 2QT6+ 6 m | C81: each | D81: ='Schedule No. 1B'!E82 -> 1
A82: 1.9.6 | B82: Tower type 2QT6+ 9 m | C82: each | D82: ='Schedule No. 1B'!E83 -> 1 | L82: =SUM(E77:E82) -> 0
A83: 1.10 | B83: Auxiliary crossarm for tower type 2DT6 | C83: per set of three | D83: ='Schedule No. 1B'!E84 -> 3
A84: 1.11 | B84: Auxiliary crossarm for tower type 2QT6 | C84: per set of three | D84: 4
A85: 1.12 | B85: Galvanized Tower Steel
A86: (a) | B86: Fabricated | C86: ton | D86: ='Schedule No. 1B'!E87 -> 10
A87: (b) | B87: Non-fabricated | C87: ton | D87: ='Schedule No. 1B'!E88 -> 5
A88: 2 | B88: Phase conductor, earthwire and OPGW cable, complete with repair sleeves and joints
A89: 2.1 | B89: Overland Portion
A90: 2.1.1 | B90: "ACSR Mallard" Phase Conductor (3 Phase, Double Circuit, Twin Conductor per phase on the line) | C90: Route km3 | D90: ='Schedule No. 1B'!E91 -> 4.88
A91: 2.1.2 | B91: 7x4.00mm equivalent OPGW inclusive of joint boxes, fixing clamps, fusion splices and connections to the joint boxes. One OPGW earthwire on the line. | C91: Route km3 | D91: ='Schedule No. 1B'!E92 -> 4.88
A92: 2.1.3 | B92: 7x4.00mm earthwire. One earthwire on the line. | C92: Route km3 | D92: ='Schedule No. 1B'!E93 -> 4.88
A93: 3 | B93: Insulator strings, with associated suspension and tension clamps for twin ACSR Mallard Conductor
A94: 3.1 | B94: Over Land Portion
A95: 3.1.1 | B95: a) Single suspension string, 120 kN -disc only | C95: Set | D95: ='Schedule No. 1B'!E96 -> 36
B96: b) Single suspension string, 120 kN -fittings only | C96: Set | D96: ='Schedule No. 1B'!E97 -> 36
A97: 3.1.2 | B97: a) Single suspension string (Heavy Suspension), 210 kN -disc only | C97: Set | D97: ='Schedule No. 1B'!E98 -> 30
B98: a) Single suspension string (Heavy Suspension), 210 kN -fittings only | C98: Set | D98: ='Schedule No. 1B'!E99 -> 30
A99: 3.1.3 | B99: a) Single tension string,2x210kN -disc only | C99: Set | D99: ='Schedule No. 1B'!E100 -> 156
B100: b) Single tension string,2x210kN -fittings only | C100: Set | D100: ='Schedule No. 1B'!E101 -> 156
A101: 3.1.4 | B101: a) Single jumper suspension I-string, having each string 1x120 kN-disc only | C101: Set | D101: ='Schedule No. 1B'!E102 -> 39
...

Sheet Schedule No. 2C
A1: Design, Supply, Installation, Testing & Commissioning of 230 kV and 132 kV Transmission Lines for Southern Area of Chattogram Division & Bangabandhu Hi-Tech City at Kaliakoir on Turnkey Basis (Contract No. PGCB/AIIB/000308-BGD/TL/Package-2)
A2: C. Cox's Bazar (North)-Teknaf 132 kV double circuit transmission line: 65 km (using Single ACSR Grosbeak Conductor)
A3: Item | B3: Description | C3: Unit | D3: Quantity | E3: Local Currency in BDT | G3: Foreign Currency in (xxx) | I3: Sales and Other Taxes
E5: Unit EXW Price1 | F5: Total EXW Price | G5: Unit EXW Price1 | H5: Total EXW Price | I5: Local Currency [BDT]
A6: 1 | B6: 2 | C6: 3 | D6: 4 | E6: 5 | F6: 6=4*5 | G6: 7 | H6: 8=4*7 | I6: 9
A7: Schedule No. 2C Plant and Mandatory Spare Parts Supplied From Within Employer's Country
A8: 1.Supply of 132 kV double circuit towers, complete with all stubs, nuts, bolts, locking nuts, washers, phase conductors and earthwire, swivels/shackles, step bolts, tower notice and identification plates, ACDs, protective coating, earthing, etc.
A9: 1.1 | B9: Tower type "1DL"
A10: 1.1.1 | B10: Tower type 1DL Standard | C10: each | D10: ='Schedule No. 1C'!E10 -> 20
A11: 1.1.2 | B11: Tower type 1DL+1.5 m | C11: each | D11: ='Schedule No. 1C'!E11 -> 25
A12: 1.1.3 | B12: Tower type 1DL+3 m | C12: each | D12: ='Schedule No. 1C'!E12 -> 25
A13: 1.1.4 | B13: Tower type 1DL+4.5 m | C13: each | D13: ='Schedule No. 1C'!E13 -> 40
A14: 1.1.5 | B14: Tower type 1DL+6 m | C14: each | D14: ='Schedule No. 1C'!E14 -> 52
A15: 1.1.6 | B15: Tower type 1DL+9 m | C15: each | D15: ='Schedule No. 1C'!E15 -> 52
A16: 1.2 | B16: Tower type "1D1" | J16: =SUM(D10:D15) -> 214
A17: 1.2.1 | B17: Tower type 1D1 Standard | C17: each | D17: ='Schedule No. 1C'!E17 -> NIL
A18: 1.2.2 | B18: Tower type 1D1 +1.5 m | C18: each | D18: ='Schedule No. 1C'!E18 -> NIL
A19: 1.2.3 | B19: Tower type 1D1 +3 m | C19: each | D19: ='Schedule No. 1C'!E19 -> NIL
A20: 1.2.4 | B20: Tower type 1D1 +4.5 m | C20: each | D20: ='Schedule No. 1C'!E20 -> NIL
A21: 1.2.5 | B21: Tower type 1D1 +6 m | C21: each | D21: ='Schedule No. 1C'!E21 -> 5
A22: 1.2.6 | B22: Tower type 1D1 +9 m | C22: each | D22: ='Schedule No. 1C'!E22 -> 5
A23: 1.2.7 | B23: Tower type 1D1 +12 m | C23: each | D23: ='Schedule No. 1C'!E23 -> 10
A24: 1.3 | B24: Tower type "1D25" | J24: =SUM(D17:D23) -> 20
A25: 1.3.1 | B25: Tower type 1D25 Standard | C25: each | D25: ='Schedule No. 1C'!E25 -> 5
A26: 1.3.2 | B26: Tower type 1D25 +1.5 m | C26: each | D26: ='Schedule No. 1C'!E26 -> 7
A27: 1.3.3 | B27: Tower type 1D25+3 m | C27: each | D27: ='Schedule No. 1C'!E27 -> 10
A28: 1.3.4 | B28: Tower type 1D25 +9 m | C28: each | D28: ='Schedule No. 1C'!E28 -> 18
A29: 1.4 | B29: Tower type "1DT6"
A30: 1.4.1 | B30: Tower type 1DT6 Standard | C30: each | D30: ='Schedule No. 1C'!E30 -> 5
A31: 1.4.2 | B31: Tower type 1DT6+1.5 m | C31: each | D31: ='Schedule No. 1C'!E31 -> 5
A32: 1.4.3 | B32: Tower type 1DT6+3 m | C32: each | D32: ='Schedule No. 1C'!E32 -> 5
A33: 1.4.4 | B33: Tower type 1DT6+4.5 m | C33: each | D33: ='Schedule No. 1C'!E33 -> 9
A34: 1.4.5 | B34: Tower type 1DT6+6 m | C34: each | D34: ='Schedule No. 1C'!E34 -> 12
A35: 1.4.6 | B35: Tower type 1DT6+9 m | C35: each | D35: ='Schedule No. 1C'!E35 -> 12
A36: 1.5 | B36: Tower Type 1QL
A37: 1.5.1 | B37: Tower Type 1QL Standard | C37: each | D37: ='Schedule No. 1C'!E37 -> NIL
A38: 1.5.2 | B38: Tower Type 1QL+1.5 m | C38: each | D38: ='Schedule No. 1C'!E37 -> NIL
A39: 1.5.3 | B39: Tower Type 1QL+3.0 m | C39: each | D39: ='Schedule No. 1C'!E39 -> 3
A40: 1.5.4 | B40: Tower Type 1QL+4.5 m | C40: each | D40: ='Schedule No. 1C'!E40 -> NIL
A41: 1.5.5 | B41: Tower Type 1QL+6.0 m | C41: each | D41: ='Schedule No. 1C'!E41 -> 3
A42: 1.5.6 | B42: Tower Type 1QL+9.0 m | C42: each | D42: ='Schedule No. 1C'!E42 -> 6
A43: 1.6 | B43: Tower Type 1Q15 | J43: =SUM(D37:D42) -> 12
A44: 1.6.1 | B44: Tower type 1Q15 Standard | C44: each | D44: ='Schedule No. 1C'!E44 -> NIL
A45: 1.6.2 | B45: Tower type 1Q15 +1.5 m | C45: each | D45: ='Schedule No. 1C'!E45 -> NIL
A46: 1.6.3 | B46: Tower type 1Q15 +3.0 m | C46: each | D46: ='Schedule No. 1C'!E46 -> NIL
A47: 1.6.4 | B47: Tower type 1Q15 +4.5 m | C47: each | D47: ='Schedule No. 1C'!E47 -> NIL
A48: 1.6.5 | B48: Tower type 1Q15 +6.0 m | C48: each | D48: ='Schedule No. 1C'!E48 -> 1
A49: 1.6.6 | B49: Tower type 1Q15+9.0 m | C49: each | D49: ='Schedule No. 1C'!E49 -> 1
A50: 1.6.7 | B50: Tower type 1Q15 +12.0 m | C50: each | D50: ='Schedule No. 1C'!E50 -> 1
A51: 1.6.8 | B51: Tower type 1Q15 +15.0 m | C51: each | D51: ='Schedule No. 1C'!E51 -> NIL
A52: 1.7 | B52: Tower Type 1Q30 | J52: =SUM(D44:D49) -> 2
A53: 1.7.1 | B53: Tower type 1Q30 Standard | C53: each | D53: ='Schedule No. 1C'!E53 -> NIL
A54: 1.7.2 | B54: Tower type 1Q30 +3.0 m | C54: each | D54: ='Schedule No. 1C'!E54 -> 1
A55: 1.7.3 | B55: Tower type 1Q30 +4.5 m | C55: each | D55: ='Schedule No. 1C'!E55 -> NIL
A56: 1.7.4 | B56: Tower type 1Q30 +6.0 m | C56: each | D56: ='Schedule No. 1C'!E56 -> 1
A57: 1.7.5 | B57: Tower type 1Q30 +9.0 m | C57: each | D57: ='Schedule No. 1C'!E57 -> 1
A58: 1.8 | B58: Tower Type 1QT6 | J58: =SUM(D53:D57) -> 3
A59: 1.8.1 | B59: Tower type 1QT6 Standard | C59: each | D59: ='Schedule No. 1C'!E59 -> NIL
A60: 1.8.2 | B60: Tower type 1QT6+1.5 m | C60: each | D60: ='Schedule No. 1C'!E60 -> NIL
A61: 1.8.3 | B61: Tower type1QT6+3.0 m | C61: each | D61: ='Schedule No. 1C'!E61 -> 1
A62: 1.8.4 | B62: Tower type 1QT6+4.5 m | C62: each | D62: ='Schedule No. 1C'!E62 -> NIL
A63: 1.8.5 | B63: Tower Type 1QT6+6.0 m | C63: each | D63: ='Schedule No. 1C'!E63 -> 1
A64: 1.8.6 | B64: Tower Type 1QT6+9.0 m | C64: each | D64: ='Schedule No. 1C'!E64 -> 3
A65: 1.9 | B65: Pole
A66: 1.9.1 | B66: Pole type 1DLP | C66: each | D66: ='Schedule No. 1C'!E66 -> 1
A67: 1.9.2 | B67: Pole type 1D1P | C67: each | D67: ='Schedule No. 1C'!E67 -> 1
A68: 1.9.3 | B68: Pole type 1D25P | C68: each | D68: ='Schedule No. 1C'!E68 -> 1
A69: 1.9.4 | B69: Pole type 1DT6P | C69: each | D69: ='Schedule No. 1C'!E69 -> 1 | J69: =SUM(D66:D69) -> 4
A70: 1.9.5 | B70: Pole type 1D9P | C70: each | D70: ='Schedule No. 1C'!E70 -> 1
A71: 1.10 | B71: Auxiliary Crossarm for pole type 1DT6P | C71: per set of three | D71: ='Schedule No. 1C'!E71 -> 1
A72: 1.11 | B72: Auxiliary crossarm for tower type 1DT6 | C72: per set of three | D72: ='Schedule No. 1C'!E72 -> 3
A73: 1.12 | B73: Auxiliary crossarm for tower type 1QT6 | C73: per set of three | D73: 4
A74: 1.13 | B74: Galvanized Tower Steel
A75: (a) | B75: Fabricated | C75: ton | D75: ='Schedule No. 1C'!E75 -> 20
A76: (b) | B76: Non-fabricated | C76: ton | D76: ='Schedule No. 1C'!E76 -> 10
A77: 2 | B77: Phase conductor, earthwire and OPGW cable, complete with repair sleeves and joints
A78: 2.1 | B78: Overland Portion
A79: 2.1.1 | B79: "ACSR Grosbeak" Phase Conductor (3 Phase, Double Circuit, Single Conductor per phase on the line) | C79: Route km3 | D79: ='Schedule No. 1C'!E79 -> 65
A80: 2.1.2 | B80: 7x3.25mm equivalent OPGW inclusive of joint boxes, fixing clamps, fusion splices and connections to the joint boxes. One OPGW earthwire on the line. | C80: Route km3 | D80: ='Schedule No. 1C'!E80 -> 65
A81: 2.1.3 | B81: 7x3.25mm earthwire. One earthwire on the line. | C81: Route km3 | D81: ='Schedule No. 1C'!E81 -> 65
A82: 3 | B82: Insulator strings, with associated suspension and tension clamps for twin ACSR Mallard Conductor
A83: 3.1 | B83: Over Land Portion
A84: 3.1.1 | B84: a) Single suspension string, 70 kN -disc only | C84: Set | D84: ='Schedule No. 1C'!E84 -> 1362
B85: b) Single suspension string, 70 kN -fittings only | C85: Set | D85: ='Schedule No. 1C'!E85 -> 1362
A86: 3.1.2 | B86: a) Single suspension string (Heavy Suspension), 120 kN -disc only | C86: Set | D86: ='Schedule No. 1C'!E86 -> 126
B87: a) Single suspension string (Heavy Suspension), 120 kN -fittings only | C87: Set | D87: ='Schedule No. 1C'!E87 -> 126
A88: 3.1.3 | B88: a) Single tension string, 120kN -disc only | C88: Set | D88: ='Schedule No. 1C'!E88 -> 1224
B89: b) Single tension string, 120kN -fittings only | C89: Set | D89: ='Schedule No. 1C'!E89 -> 1224
A90: 3.1.4 | B90: a) Single jumper suspension I-string, having each string 1x70 kN-disc only | C90: Set | D90: ='Schedule No. 1C'!E90 -> 306
B91: b) Single jumper suspension I-string, having each string 1x70 kN-fittings only | C91: Set | D91: ='Schedule No. 1C'!E91 -> 306
A92: 3.1.5 | B92: a) Single tension string, upright low duty 70kN- disc only | C92: Set | D92: ='Schedule No. 1C'!E92 -> 12
B93: b) Single tension string, upright low duty 70kN- fittings only | C93: Set | D93: ='Schedule No. 1C'!E93 -> 12
A94: 3.1.6 | B94: a) Single tension string, inverted low duty 70kN -discs only | C94: Set | D94: ='Schedule No. 1C'!E94 -> 12
B95: b) Single tension string, inverted low duty 70kN -fittings only | C95: Set | D95: ='Schedule No. 1C'!E95 -> 12
A96: 3.1.7 | B96: Counterweights for 120kN suspension insulator sets complete with yoke plate attachment bolts to be used for 1D1 towers:
A97: (a) | B97: - 40kg set | C97: each | D97: ='Schedule No. 1C'!E97 -> 3
A98: (b) | B98: - 80kg set | C98: each | D98: ='Schedule No. 1C'!E98 -> 3
A99: (c) | B99: - 120kg set | C99: each | D99: ='Schedule No. 1C'!E99 -> 5
A100: 4 | B100: Earthwire sets, complete with all accessories
A101: 4.1 | B101: Over Land Portion
...

Sheet Schedule No. 2D
A1: Design, Supply, Installation, Testing & Commissioning of 230 kV and 132 kV Transmission Lines for Southern Area of Chattogram Division & Bangabandhu Hi-Tech City at Kaliakoir on Turnkey Basis (Contract No. PGCB/AIIB/000308-BGD/TL/Package-2)
A2: D. 132 kV Line-In-Line-Out (LILO) at Cox’s Bazar (North) substation from Dohazari - Cox’s Bazar 132 kV double circuit transmission line: 1.55 km (using Single ACSR Grosbeak equivalent ACCC conductor)
A3: Item | B3: Description | C3: Unit | D3: Quantity | E3: Local Currency in BDT | G3: Foreign Currency in (xxx) | I3: Sales and Other Taxes
E5: Unit EXW Price1 | F5: Total EXW Price | G5: Unit EXW Price1 | H5: Total EXW Price | I5: Local Currency [BDT]
A6: 1 | B6: 2 | C6: 3 | D6: 4 | E6: 5 | F6: 6=4*5 | G6: 7 | H6: 8=4*7 | I6: 9
A7: Schedule No. 2D Plant and Mandatory Spare Parts Supplied From Within Employer's Country
A8: 1.Supply of 132 kV double circuit towers, complete with all stubs, nuts, bolts, locking nuts, washers, phase conductors and earthwire, swivels/shackles, step bolts, tower notice and identification plates, ACDs, protective coating, earthing, etc.
A9: 1 | B9: Supply of 132 kV Double circuit towers, complete with all stubs, nuts, bolts, locking nuts, washers, phase conductors and earthwire, swivels/shackles, step bolts, tower notice and identification plates, ACDs, protective coating, earthing, etc.
A10: 1.1 | B10: Tower Type 1DT6
A11: 1.1.1 | B11: Tower Type 1DT6+6.0 m | C11: each | D11: ='Schedule No. 1D'!E11 -> 1
A12: 1.1.2 | B12: Tower Type 1DT6+9.0 m | C12: each | D12: ='Schedule No. 1D'!E12 -> 1
A13: 2 | B13: Supply of 132 kV Four circuit towers, complete with all stubs, nuts, bolts, locking nuts, washers, phase conductors and earthwire, swivels/shackles, step bolts, tower notice and identification plates, ACDs, protective coating, earthing, etc.
A14: 2.1 | B14: Tower Type 1QL
A15: 2.1.1 | B15: Tower Type 1QL+9.0 m | C15: each | D15: ='Schedule No. 1D'!E15 -> 1
A16: 2.2 | B16: Tower Type 1Q15
A17: 2.2.1 | B17: Tower type 1Q15 +15.0 m | C17: each | D17: ='Schedule No. 1D'!E17 -> 1
A18: 2.3 | B18: Tower Type 1Q30
A19: 2.3.1 | B19: Tower type 1Q30 +9.0 m | C19: each | D19: ='Schedule No. 1D'!E19 -> 2
A20: 2.4 | B20: Tower Type 1QT6
A21: 2.4.1 | B21: Tower Type 1QT6+9.0 m | C21: each | D21: ='Schedule No. 1D'!E21 -> 3
A22: 3 | B22: Auxiliary Crossarm for tower
A23: 3.1 | B23: Auxiliary Crossarm for Tower Type 1QT6 | C23: per set of three | D23: ='Schedule No. 1D'!E23 -> 4
A24: 4 | B24: Phase conductor, earthwire and OPGW cable, complete with repair sleeves and joints
A25: 4.1 | B25: "ACSR Grosbeak equivalent ACCC" (four circuit line, all circuits erected, one conductors per phase) [3] | C25: Route km3 | D25: ='Schedule No. 1D'!E25 -> 1.55
A26: 4.2 | B26: Two optical fibre ground wire, 24 fibres 7×3.25 steel earthwire equivalent OPGW, including joint box | C26: Route km3 | D26: ='Schedule No. 1D'!E26 -> 1.55
A27: 5 | B27: Insulator strings, with associated suspension and tension clamps for single "ACSR Grosbeak equivalent ACCC " Conductor
A28: 5.1 | B28: a) 70kN suspension Insulators set for single "ACSR Grosbeak equivalent ACCC" Conductor (Suspension) - disc only | C28: Set | D28: ='Schedule No. 1D'!E28 -> 12 | J28: =SUM(D11:D21) -> 9
B29: b) 70kN suspension Insulators set for single "ACSR Grosbeak equivalent ACCC" Conductor (Suspension) - hardware fittings only | C29: Set | D29: ='Schedule No. 1D'!E29 -> 12
A30: 5.2 | B30: a) 120kN tension Insulators Set for single "ACSR Grosbeak equivalent ACCC'' Conductor - disc only | C30: Set | D30: ='Schedule No. 1D'!E30 -> 156
B31: b) 120kN tension Insulators Set for single "ACSR Grosbeak equivalent ACCC'' Conductor - hardware fittings only | C31: Set | D31: ='Schedule No. 1D'!E31 -> 156
A32: 5.3 | B32: a) 70kN jumper suspension Insulators Set forsingle "ACSR Grosbeak equivalent ACCC" Conductor - disc only | C32: Set | D32: ='Schedule No. 1D'!E32 -> 66
B33: b) 70kN jumper suspension Insulators Set forsingle "ACSR Grosbeak equivalent ACCC" Conductor - hardware fittings only | C33: Set | D33: ='Schedule No. 1D'!E33 -> 66
A34: 5.4 | B34: a) 70kN single upright low duty Insulators Set for single "ACSR Grosbeak equivalent ACCC" Conductor - disc only | C34: Set | D34: ='Schedule No. 1D'!E34 -> 12
B35: b) 70kN single upright low duty Insulators Set for single "ACSR Grosbeak equivalent ACCC" Conductor - hardware fittings only | C35: Set | D35: ='Schedule No. 1D'!E35 -> 12
A36: 5.5 | B36: a) 70kN single inverted low duty Insulators Set for single "ACSR Grosbeak equivalent ACCC" Conductor - disc only | C36: Set | D36: ='Schedule No. 1D'!E36 -> 12
B37: b) 70kN single inverted low duty Insulators Fittings Set for single "ACSR Grosbeak equivalent ACCC" Conductor - hardware fittings only | C37: Set | D37: ='Schedule No. 1D'!E37 -> 12
A38: 6 | B38: OPGW sets, complete with all accessories, incl. armour rods and earth bounds
A39: 6.1 | B39: Suspension set (including all fittings and accessories for surplus and to guide the OPGW to the joint box) | C39: set | D39: ='Schedule No. 1D'!E39 -> 2
A40: 6.2 | B40: Tension set (including all fittings and accessories for surplus and to guide the OPGW to the joint box) | C40: set | D40: ='Schedule No. 1D'!E40 -> 28
A41: 7 | B41: Dampers
A42: 7.1 | B42: Vibration damper for phase conductor | C42: per span | D42: ='Schedule No. 1D'!E42 -> 5
A43: 7.2 | B43: Vibration damper for OPGW | C43: per span | D43: ='Schedule No. 1D'!E43 -> 5
A44: 8 | B44: Aerial Markers
A45: 8.1 | B45: Air craft obstruction lights solar powered complete with lamps, solar, panels, batteries, control equipment cables, support framework, tower work platform etc. | C45: Per tower | D45: ='Schedule No. 1D'!E45 -> 1 | J45: =SUM(D38:D45) -> 41
A46: 8.2 | B46: Bird diverters | C46: pcs. | D46: ='Schedule No. 1D'!E46 -> 3
A47: 8.3 | B47: Bird guards, one bird guard per each crossarm applied on intermediate towers | C47: pcs. | D47: ='Schedule No. 1D'!E47 -> 12
A48: 8.4 | B48: Aircraft warning spheres | C48: pcs. | D48: ='Schedule No. 1D'!E48 -> 1
A49: 8.5 | B49: Painting of 60 meter and over tower in accordance with the requirements of the Technical Specification | C49: per tower | D49: ='Schedule No. 1D'!E49 -> 1
A50: 8.6 | B50: Painting of tower (Reflecting Paint) upto 3 meter in submerge area in accordance with the requirements of the Technical Specification | C50: per tower | D50: ='Schedule No. 1D'!E50 -> NIL
A51: 9 | B51: Mandatory Spare Parts and Tools | J51: =SUM(D47:D50) -> 14
A52: 9.1 | B52: Conductor "ACSR Grosbeak equivalent ACCC" type | C52: km | D52: ='Schedule No. 1D'!E52 -> 2
A53: 9.2 | B53: Optical fibre ground wire, 24 fibres 7×3.25 steel earthwire equivalent OPGW | C53: km | D53: ='Schedule No. 1D'!E53 -> 1
A54: 9.3 | B54: a) 70kN suspension Insulators set for single "ACSR Grosbeak equivalent ACCC" Conductor (Suspension) - disc only | C54: set | D54: ='Schedule No. 1D'!E54 -> 5
B55: b) 70kN suspension Insulators set for single "ACSR Grosbeak equivalent ACCC" Conductor (Suspension) - hardware fittings only | C55: set | D55: ='Schedule No. 1D'!E55 -> 5
A56: 9.4 | B56: a) 120kN tension Insulators Set for single "ACSR Grosbeak equivalent ACCC'' Conductor - disc only | C56: set | D56: ='Schedule No. 1D'!E56 -> 6
B57: b) 120kN tension Insulators Set for single "ACSR Grosbeak equivalent ACCC'' Conductor - hardware fittings only | C57: set | D57: ='Schedule No. 1D'!E57 -> 6
A58: 9.5 | B58: OPGW 24 fibres suspension set | C58: set | D58: ='Schedule No. 1D'!E58 -> 2
A59: 9.6 | B59: OPGW 24 fibres tension set | C59: set | D59: ='Schedule No. 1D'!E59 -> 2 | J59: =SUM(D55:D59) -> 21
A60: 9.7 | B60: OPGW junction box | C60: set | D60: ='Schedule No. 1D'!E60 -> 8
A61: 9.8 | B61: Vibration damper for phase conductor single "ACSR Grosbeakequivalent ACCC" Conductor | C61: each | D61: ='Schedule No. 1D'!E61 -> 6
A62: 9.9 | B62: Vibration damper for OPGW | C62: each | D62: ='Schedule No. 1D'!E62 -> 3
A63: 9.10 | B63: Repair sleeve for conductor - single "ACSR Grosbeak equivalent ACCC" Conductor | C63: pcs | D63: ='Schedule No. 1D'!E63 -> 3
A64: 9.11 | B64: Midspan joints for conductor single "ACSR Grosbeak equivalent ACCC Conductor" Conductor | C64: pcs | D64: ='Schedule No. 1D'!E64 -> 3
A65: 9.12 | B65: Bird diverters | C65: pcs | D65: ='Schedule No. 1D'!E65 -> 2
A66: 9.13 | B66: Bird guard | C66: pcs | D66: ='Schedule No. 1D'!E66 -> 4
A67: 9.14 | B67: Terminal ground resistance tester (tools) | C67: pcs | D67: ='Schedule No. 1D'!E67 -> 1
A68: 9.15 | B68: Temporary earthing equipment | C68: each | D68: ='Schedule No. 1D'!E68 -> 1
A69: 9.16 | B69: Motorised jointing compressor for conductor complete with dies suitable for conductors & earthwires to be used for this Contract | C69: each | D69: ='Schedule No. 1D'!E69 -> 1
A70: Total Columns 8 to be carried forward to Schedule No. 5 - Grand Summary
E73: Name of Bidder
E75: Signature of Bidder
B77: 1 Specify currencies in accordance with ITB 19.1 of the BDS. Create additional columns for up to a maximum of three foreign currencies, if so required.
B78: 2 Bidders shall enter a code representing the country of origin of all imported plant and equipment.
B79: 3 Definition of route km: Route km is the transmission line distance between two terminal points in plan view. Route km is exclusive sag and other electrical clearances, elevation differences etc. The Contractor shall incorporate all such extra costs in his unit rate.
A81: Country of Origin Declaration Form
A82: Item | B82: Description | C82: Country

Sheet Schedule No. 3
A1: Design, Supply, Installation, Testing & Commissioning of 230 kV and 132 kV Transmission Lines for Southern Area of Chattogram Division & Bangabandhu Hi-Tech City at Kaliakoir on Turnkey Basis (PGCB/AIIB/000308-BGD/TL/Package-2)
A4: Item | B4: Description | C4: Unit | D4: Quantity | E4: Unit Price1 | G4: Total Price1
E6: Local Currency Portion [BDT] | F6: Foreign Currency Portion [xxx] | G6: Local Currency Portion [BDT] | H6: Foreign Currency Portion [xxx]
A7: 1 | B7: 2 | C7: 3 | D7: 4 | E7: 5 | F7: 6 | G7: 7 = 4 x 5 | H7: 8 = 4 x 6
A8: Schedule No. 3 Design Services (Scope-A, B, C & D)
A9: 1 | B9: Line Design
A10: 1.1 | B10: Detailed line design including plan and profiles; conductor, earthwire and OPGW sag tension calculations; tower spotting, establishment of line schedule; Design of insulator strings, OPGW and earthwire attachments | C10: Lump sum | D10: 1
A12: 2 | B12: Tower/Pole Test
A13: 2.1 | B13: Proto assembly of all type towers with all extensions to prove compliance with specification. Payment for successful test only.
A14: 2.1.1 | B14: 4D1 | C14: Lot | D14: 1
A15: 2.1.2 | B15: 2DL | C15: Lot | D15: 1
A16: 2.1.3 | B16: 2D1 | C16: Lot | D16: 1
A17: 2.1.4 | B17: 2D25 | C17: Lot | D17: 1
A18: 2.1.5 | B18: 2DT6 | C18: Lot | D18: 1
A19: 2.1.6 | B19: 2D9 | C19: Lot | D19: 1
A20: 2.1.7 | B20: 2DR | C20: Lot | D20: 1
A21: 2.1.8 | B21: 2DAX | C21: Lot | D21: 1
A22: 2.1.9 | B22: 2QL | C22: Lot | D22: 1
A23: 2.1.10 | B23: 2Q1 | C23: Lot | D23: 1
A24: 2.1.11 | B24: 2Q15 | C24: Lot | D24: 1
A25: 2.1.12 | B25: 2Q30 | C25: Lot | D25: 1
... A34: 2.1.21 | B34: 1QT6 | C34: Lot | D34: 1
A35: 2.2 | B35: Proto assembly of all type poles with all extensions to prove compliance with specification. Payment for successful test only.
A36: 2.2.1 | B36: 1DLP
A37: 2.2.2 | B37: 1D1P | C37: Lot | D37: 1
A38: 2.2.3 | B38: 1D25P | C38: Lot | D38: 1
A39: 2.2.4 | B39: 1DT6P | C39: Lot | D39: 1
A40: 2.2.5 | B40: 1D9P | C40: Lot | D40: 1
A41: 3 | B41: Foundation Design | C41: Lot | D41: 1
A42: 3.1 | B42: Foundation design for all soil types including additional soil investigation and additional soil resistivity measurement | C42: Lump sum | D42: 1
A43: Total Columns 7 & 8 to be carried forward to Schedule No. 5 - Grand Summary
A44: 4 | B44: Total Tax and VAT deductable at source(TDS & VDS) under the schedule 3(to be quoted in the currency similar as above)2
G47: Name of Bidder
G49: Signature of Bidder
A52: 1. Specify currencies in accordance with ITB 19.1 of the BDS. Create additional columns for up to a maximum of three foreign currencies, if so required.
A53: 2. Bidder shall quote the amount considering clause 14.1 of section 8(Special Conditions of Contract), Volume 1 of 3 of the bidding document. The amount quoted by bidder is subject to arithmatic correction by Employer as required.

Sheet Schedule No. 4A
A1: Design, Supply, Installation, Testing & Commissioning of 230 kV and 132 kV Transmission Lines for Southern Area of Chattogram Division & Bangabandhu Hi-Tech City at Kaliakoir on Turnkey Basis (Contract No. PGCB/AIIB/000308-BGD/TL/Package-2)
A3: A. Anwara-Cox's Bazar (North) 230 kV double circuit transmission line (Initially charged at 132 kV): 109 km with 0.49 km river crossing portion (using twin ACSR mallard Conductor)
A4: Item | B4: Description | C4: Unit | D4: Quantity | E4: Unit Price1 | G4: Total Price1
E6: Local Currency Portion [BDT] | F6: Foreign Currency Portion [xxx] | G6: Local Currency Portion [BDT] | H6: Foreign Currency Portion [xxx]
A7: 1 | B7: 2 | C7: 3 | D7: 4 | E7: 5 | F7: 6 | G7: 7 = 4 x 5 | H7: 8 = 4 x 6
A8: Schedule No. 4A Installation and Other Services
A9: 1 | B9: Survey and soil investigation works
A10: 1.1 | B10: Survey Work
A11: 1.1.1 | B11: Check survey in accordance with the requirements of the technical specification, incl. Full ground survey with change of route, if any, tower plotting and preparation and submission of route maps, profile drawings, SIMM documents, etc. | C11: Route km | D11: 109.49
A13: 1.2 | B13: Geotechnical Investigations incl. taking samples, logging and lab testing
A14: 1.2.1 | B14: Boreholes for geotechnical investigation, incl. laboratory test, borehole logs, sampling and interpretive report as per geotechnical specification
A15: (a) | B15: Level 2 | C15: borehole | D15: 1
A16: (b) | B16: Level 4 | C16: borehole | D16: 1
A17: 1.2.2 | B17: Soil resistivity tests | C17: per tower | D17: 340
A18: 2 | B18: Foundations for towers/Poles including all setting out, Concrete, Reinforcement, Excavation, Pumping, Stub-Setting, Geotechnical Investigation (Level 2/Level 4), Shuttering, Leveling, Timbering, supply & Installation of foundation steelwork, Earthing Materials,Backfilling, approved Protective Coating & site clearing etc.
A19: 2.1 | B19: Tower type "4D1-Q" (Any extension)
A20: 2.1.1 | B20: Pile Foundation for any Soil Category | C20: per tower | D20: 2
A21: 2.1.2 | B21: Piled Foundation with 1.0/2.0/3.0m raised chimney for any Soil Category | C21: per tower | D21: 2 | I21: =SUM(D20:D21) -> 4
A22: 2.2 | B22: Tower type "2DL"
A23: 2.2.1 | B23: Pile Foundation for Soil Category-2 | C23: per tower | D23: 17
A24: 2.2.2 | B24: Pile Foundation for Soil Category-3 | C24: per tower | D24: 17
A25: 2.2.3 | B25: Pile Foundation for Soil Category-4 | C25: per tower | D25: 14
A26: 2.2.4 | B26: Piled Foundation with 1.0m raised chimney for Soil Category-2 | C26: per tower | D26: 7
A27: 2.2.5 | B27: Piled Foundation with 1.0m raised chimney for Soil Category-3 | C27: per tower | D27: 8
A28: 2.2.6 | B28: Piled Foundation with 1.0m raised chimney for Soil Category-4 | C28: per tower | D28: 7
A29: 2.2.7 | B29: Piled Foundation with 2.0m raised chimney for Soil Category-2 | C29: per tower | D29: 7
A30: 2.2.8 | B30: Piled Foundation with 2.0m raised chimney for Soil Category-3 | C30: per tower | D30: 8
A31: 2.2.9 | B31: Piled Foundation with 2.0m raised chimney for Soil Category-4 | C31: per tower | D31: 7
A32: 2.2.10 | B32: Piled Foundation with 3.0m raised chimney for Soil Category-2 | C32: per tower | D32: 30
A33: 2.2.11 | B33: Piled Foundation with 3.0m raised chimney for Soil Category-3 | C33: per tower | D33: 30
A34: 2.2.12 | B34: Piled Foundation with 3.0m raised chimney for Soil Category-4 | C34: per tower | D34: 26
A35: 2.3 | B35: Tower type "2D1" (Any extension) | I35: =SUM(D23:D34) -> 178 | K35: 178
A36: 2.3.1 | B36: Pile Foundation for Soil Category-2 | C36: per tower | D36: 5
A37: 2.3.2 | B37: Pile Foundation for Soil Category-3 | C37: per tower | D37: 5
A38: 2.3.3 | B38: Pile Foundation for Soil Category-4 | C38: per tower | D38: 4
A39: 2.3.4 | B39: Piled Foundation with 1.0m raised chimney for any Soil Category | C39: per tower | D39: 4
A40: 2.3.5 | B40: Piled Foundation with 2.0m raised chimney for any Soil Category | C40: per tower | D40: 4 | I40: =SUM(D36:D41) -> 26 | K40: 24
A41: 2.3.6 | B41: Piled Foundation with 3.0m raised chimney for any Soil Category | C41: per tower | D41: 4
A42: 2.4 | B42: Tower type "2D25"
A43: 2.4.1 | B43: Pile Foundation for Soil Category-2 | C43: per tower | D43: 9
A44: 2.4.2 | B44: Pile Foundation for Soil Category-3 | C44: per tower | D44: 9
A45: 2.4.3 | B45: Pile Foundation for Soil Category-4 | C45: per tower | D45: 6
A46: 2.4.4 | B46: Piled Foundation with 1.0m raised chimney for any Soil Category | C46: per tower | D46: 4
A47: 2.4.5 | B47: Piled Foundation with 2.0m raised chimney for any Soil Category | C47: per tower | D47: 4 | I47: =SUM(D43:D48) -> 38 | K47: 38
A48: 2.4.6 | B48: Piled Foundation with 3.0m raised chimney for any Soil Category | C48: per tower | D48: 6
A49: 2.5 | B49: Tower type "2DT6"
A50: 2.5.1 | B50: Pile Foundation for Soil Category-2 | C50: per tower | D50: 14
A51: 2.5.2 | B51: Pile Foundation for Soil Category-3 | C51: per tower | D51: 14
A52: 2.5.3 | B52: Pile Foundation for Soil Category-4 | C52: per tower | D52: 11
A53: 2.5.4 | B53: Piled Foundation with 1.0m raised chimney for Soil Category-2 | C53: per tower | D53: 3
A54: 2.5.5 | B54: Piled Foundation with 1.0m raised chimney for Soil Category-3 | C54: per tower | D54: 3
A55: 2.5.6 | B55: Piled Foundation with 1.0m raised chimney for Soil Category-4 | C55: per tower | D55: 3
A56: 2.5.7 | B56: Piled Foundation with 2.0m raised chimney for Soil Category-2 | C56: per tower | D56: 3
A57: 2.5.8 | B57: Piled Foundation with 2.0m raised chimney for Soil Category-3 | C57: per tower | D57: 3
A58: 2.5.9 | B58: Piled Foundation with 2.0m raised chimney for Soil Category-4 | C58: per tower | D58: 3 | I58: =SUM(D50:D59) -> 60
A59: 2.5.6 | B59: Piled Foundation with 3.0m raised chimney for any Soil Category | C59: per tower | D59: 3
A60: 2.6 | B60: Tower type "2D9"
A61: 2.6.1 | B61: Pile Foundation for Soil Category-2 | C61: per tower | D61: 1
A62: 2.6.2 | B62: Pile Foundation for Soil Category-3 | C62: per tower | D62: 1
A63: 2.6.3 | B63: Pile Foundation for Soil Category-4 | C63: per tower | D63: 1
A64: 2.6.4 | B64: Piled Foundation with 1.0m raised chimney for any Soil Category | C64: per tower | D64: 1
A65: 2.6.5 | B65: Piled Foundation with 2.0m/3.0m raised chimney for any Soil Category | C65: per tower | D65: 1 | I65: =SUM(D61:D65) -> 5
A66: 2.7 | B66: Tower type "2QL"
A67: 2.7.1 | B67: Piled Foundation with 3.0m raised chimney for any Soil Category | C67: per tower | D67: 3
A68: 2.8 | B68: Tower type "2Q1" | I68: =SUM(D67:D67) -> 3
A69: 2.8.1 | B69: Pile Foundation for any Soil Category | C69: per tower | D69: 1
A70: 2.8.2 | B70: Piled Foundation with 1.0m raised chimney for any Soil Category | C70: per tower | D70: 1
A71: 2.8.3 | B71: Piled Foundation with 2.0m raised chimney for any Soil Category | C71: per tower | D71: 1
A72: 2.9 | B72: Tower type "2Q15" | I72: =SUM(D69:D71) -> 3
A73: 2.9.1 | B73: Pile Foundation for any Soil Category | C73: per tower | D73: 1
A74: 2.9.2 | B74: Piled Foundation with 1.0m raised chimney for any Soil Category | C74: per tower | D74: 1
A75: 2.9.3 | B75: Piled Foundation with 2.0m raised chimney for any Soil Category | C75: per tower | D75: 1
A76: 2.10 | B76: Tower type "2Q30" | I76: =SUM(D73:D75) -> 3
A77: 2.10.1 | B77: Pile Foundation for any Soil Category | C77: per tower | D77: 1
A78: 2.10.2 | B78: Piled Foundation with 1.0m raised chimney for any Soil Category | C78: per tower | D78: 1
A79: 2.10.3 | B79: Piled Foundation with 2.0m raised chimney for any Soil Category | C79: per tower | D79: 1
A80: 2.11 | B80: Tower type "2QT6" | I80: =SUM(D77:D79) -> 3
A81: 2.11.1 | B81: Pile Foundation for any Soil Category | C81: per tower | D81: 1
A82: 2.11.2 | B82: Piled Foundation with 3.0m raised chimney for any Soil Category | C82: per tower | D82: 2 | I82: =SUM(D81:D82) -> 3
A83: 2.12 | B83: Tower type 2T
A84: 2.12.1 | B84: Pile Foundation for for any Soil Category | C84: per tower | D84: 1
A85: 2.12.2 | B85: Pile Foundation with 1.0/2.0/3.0m raised chimney for any Soil Category | C85: per tower | D85: 1
A86: 2.13 | B86: Tower type 2DR (River Crossing Foundation) | I86: =SUM(D84:D85) -> 2
A87: 2.13.1 | B87: Pile Foundation for Tower type 2DR Standard | C87: per tower | D87: 1
A88: 2.13.2 | B88: Pile Foundation for Tower type 2DR M20 | C88: per tower | D88: 1
A89: 2.14 | B89: Tower type 2DR (Non-River Crossing Foundation)
A90: 2.14.1 | B90: Pile Foundation for Tower type 2DR Standard | C90: per tower | D90: 1
A91: 2.15 | B91: Tower type 2DAX (River Crossing Foundation)
A92: 2.15.1 | B92: Pile Foundation for Tower type 2DAX Standard | C92: per tower | D92: 2 | I92: =SUM(D87:D94) -> 6
A93: 2.16 | B93: Tower type 2DAX (Non-River Crossing Foundation)
A94: 2.16.1 | B94: Pile Foundation for Tower type 2DAX Standard | C94: per tower | D94: 1
A95: 2.17 | B95: River Crossing Foundation for Normal (Non-River Crossing ) Tower
A96: 2.17.1 | B96: Pile foundation for tower type “2DT6” | C96: Per tower | D96: 2
A97: 2.17.2 | B97: Pile foundation for tower type “2D1” (Any extension) | C97: Per tower | D97: 2
A98: 2.17.3 | B98: Pile foundation for tower type “4D1” (Any extension) | C98: Per tower | D98: 2 | I98: =SUM(D96:D98) -> 6
A99: 3 | B99: Erection of 230kV and 400kV double circuit Towers/Poles complete with all stubs, nuts, bolts, locking nuts, washers, phase conductor and earthwire swivels/shackles, step bolts, tower notice and identification plates, ACDs, ptotective coating, earthing etc. | I99: =SUM(I21:I98) -> 340
A100: 3.1 | B100: Tower type "4D1-Q"
A101: 3.1.1 | B101: Tower type 4D1-Q+30 m | C101: each | D101: ='Schedule No. 1A'!E10 -> 3 | I101: =SUM(D101:D102) -> 6
A102: 3.1.2 | B102: Tower type 4D1-Q+40 m | C102: each | D102: ='Schedule No. 1A'!E11 -> 3
A103: 3.2 | B103: Tower type "2DL"
...

Sheet Schedule No. 4B
A1: Design, Supply, Installation, Testing & Commissioning of 230 kV and 132 kV Transmission Lines for Southern Area of Chattogram Division & Bangabandhu Hi-Tech City at Kaliakoir on Turnkey Basis (Contract No. PGCB/AIIB/000308-BGD/TL/Package-2)
A3: B. Bangabandhu Hi-Tech City-Kaliakoir 230 kV double circuit transmission line: 4.88 km (using Twin ACSR Mallard conductor)
A4: Item | B4: Description | C4: Unit | D4: Quantity | E4: Unit Price1 | G4: Total Price1
E6: Local Currency Portion [BDT] | F6: Foreign Currency Portion [xxx] | G6: Local Currency Portion [BDT] | H6: Foreign Currency Portion [xxx]
A7: 1 | B7: 2 | C7: 3 | D7: 4 | E7: 5 | F7: 6 | G7: 7 = 4 x 5 | H7: 8 = 4 x 6
A8: Schedule No. 4B Installation and Other Services
A9: 1 | B9: Survey and soil investigation works
A10: 1.1 | B10: Survey Work
A11: 1.1.1 | B11: Check survey in accordance with the requirements of the technical specification, incl. Full ground survey with change of route, if any, tower plotting and preparation and submission of route maps, profile drawings, SIMM documents, etc. | C11: Route km | D11: 4.88
A13: 1.2 | B13: Geotechnical Investigations incl. taking samples, logging and lab testing
A14: 1.2.1 | B14: Boreholes for geotechnical investigation, incl. laboratory test, borehole logs, sampling and interpretive report as per geotechnical specification
A15: (a) | B15: Level 2 | C15: borehole | D15: 1
A16: (b) | B16: Level 4 | C16: borehole | D16: 1
A17: 1.2.2 | B17: Soil resistivity tests | C17: per tower | D17: 24
A18: 2 | B18: Foundations for towers/Poles including all setting out, Concrete, Reinforcement, Excavation, Pumping, Stub-Setting, Geotechnical Investigation (Level 2/Level 4), Shuttering, Leveling, Timbering, supply & Installation of foundation steelwork, Earthing Materials,Backfilling, approved Protective Coating & site clearing etc.
A19: 2.1 | B19: Tower type "2DL"
A20: 2.1.1 | B20: Pile Foundation for Soil Category-2 | C20: per tower | D20: 1
A21: 2.1.2 | B21: Pile Foundation for Soil Category-3 | C21: per tower | D21: 1
A22: 2.1.3 | B22: Pile Foundation for Soil Category-4 | C22: per tower | D22: 1
A23: 2.1.4 | B23: Piled Foundation with 1.0/2.0m raised chimney for any Soil Category | C23: per tower | D23: 1
A24: 2.2 | B24: Tower type "2D1" (Any extension) | I24: =SUM(D20:D23) -> 4
A25: 2.2.1 | B25: Pile Foundation for any Soil Category | C25: per tower | D25: 1
A26: 2.2.2 | B26: Piled Foundation with 1.0m raised chimney for any Soil Category | C26: per tower | D26: 1
A27: 2.2.3 | B27: Piled Foundation with 2.0m raised chimney for any Soil Category | C27: per tower | D27: 1
A28: 2.3 | B28: Tower type "2D25" | I28: =SUM(D25:D27) -> 3
A29: 2.3.1 | B29: Pile Foundation for any Soil Category | C29: per tower | D29: 2
A30: 2.3.2 | B30: Piled Foundation with 1.0m raised chimney for any Soil Category | C30: per tower | D30: 1
A31: 2.3.3 | B31: Piled Foundation with 2.0m raised chimney for any Soil Category | C31: per tower | D31: 1 | I31: =SUM(D29:D31) -> 4
A32: 2.4 | B32: Tower type "2DT6"
A33: 2.4.1 | B33: Pile Foundation for any Soil Category | C33: per tower | D33: 1
A34: 2.4.2 | B34: Piled Foundation with 1.0m raised chimney for any Soil Category | C34: per tower | D34: 1
A35: 2.4.3 | B35: Piled Foundation with 2.0m raised chimney for any Soil Category | C35: per tower | D35: 1
A36: 2.5 | B36: Tower type "2QL" | I36: =SUM(D33:D35) -> 3
A37: 2.5.1 | B37: Pile Foundation for any Soil Category | C37: per tower | D37: 1
A38: 2.5.2 | B38: Piled Foundation with 1.0m/2.0m raised chimney for any Soil Category | C38: per tower | D38: 1 | I38: =SUM(D37:D38) -> 2
A39: 2.6 | B39: Tower type "2Q1"
A40: 2.6.1 | B40: Pile Foundation for any Soil Category | C40: per tower | D40: 1
A41: 2.6.2 | B41: Piled Foundation with 1.0m/2.0m raised chimney for any Soil Category | C41: per tower | D41: 1 | I41: =SUM(D40:D41) -> 2
A42: 2.7 | B42: Tower type "2Q15"
A43: 2.7.1 | B43: Pile Foundation for any Soil Category | C43: per tower | D43: 1
A44: 2.7.2 | B44: Piled Foundation with 1.0m/2.0m raised chimney for any Soil Category | C44: per tower | D44: 1 | I44: =SUM(D43:D44) -> 2
A45: 2.8 | B45: Tower type "2Q30"
A46: 2.8.1 | B46: Pile Foundation for any Soil Category | C46: per tower | D46: 1
A47: 2.8.2 | B47: Piled Foundation with 1.0m/2.0m raised chimney for any Soil Category | C47: per tower | D47: 1 | I47: =SUM(D46:D47) -> 2
A48: 2.9 | B48: Tower type "2QT6"
A49: 2.9.1 | B49: Pile Foundation for any Soil Category with any chimney height | C49: per tower | D49: 1 | I49: =SUM(D49) -> 1
A50: 2.10 | B50: River Crossing Foundation for Normal (Non-River Crossing ) Tower
A51: 2.10.1 | B51: Pile foundation for tower type “2QT6” | C51: Per tower | D51: 1 | I51: =SUM(D51) -> 1
A52: 3 | B52: Erection of 230kV double circuit Towers/Poles complete with all stubs, nuts, bolts, locking nuts, washers, phase conductor and earthwire swivels/shackles, step bolts, tower notice and identification plates, ACDs, ptotective coating, earthing etc. | I52: =SUM(I24:I51) -> 24
A53: 3.1 | B53: Tower type "2DL"
A54: 3.1.1 | B54: Tower type 2DL Standard | C54: each | D54: ='Schedule No. 1B'!E10 -> 1
A55: 3.1.2 | B55: Tower type 2DL+1.5 m | C55: each | D55: ='Schedule No. 1B'!E11 -> NIL
A56: 3.1.3 | B56: Tower type 2DL+3 m | C56: each | D56: ='Schedule No. 1B'!E12 -> NIL
A57: 3.1.4 | B57: Tower type 2DL+4.5 m | C57: each | D57: ='Schedule No. 1B'!E13 -> NIL
A58: 3.1.5 | B58: Tower type 2DL+6 m | C58: each | D58: ='Schedule No. 1B'!E14 -> 1
A59: 3.1.6 | B59: Tower type 2DL+9 m | C59: each | D59: ='Schedule No. 1B'!E15 -> 1
A60: 3.1.7 | B60: Tower type 2DL+12 m | C60: each | D60: ='Schedule No. 1B'!E16 -> 1 | I60: =SUM(D54:D60) -> 4
A61: 3.2 | B61: Tower type "2D1"
A62: 3.2.1 | B62: Tower type 2D1 Standard | C62: each | D62: ='Schedule No. 1B'!E18 -> 1
A63: 3.2.2 | B63: Tower type 2D1 +1.5 m | C63: each | D63: ='Schedule No. 1B'!E19 -> NIL
A64: 3.2.3 | B64: Tower type 2D1 +3 m | C64: each | D64: ='Schedule No. 1B'!E20 -> NIL
A65: 3.2.4 | B65: Tower type 2D1 +4.5 m | C65: each | D65: ='Schedule No. 1B'!E21 -> NIL
A66: 3.2.5 | B66: Tower type 2D1 +6 m | C66: each | D66: ='Schedule No. 1B'!E22 -> NIL
A67: 3.2.6 | B67: Tower type 2D1 +9 m | C67: each | D67: ='Schedule No. 1B'!E23 -> 1
A68: 3.2.7 | B68: Tower type 2D1 +12 m | C68: each | D68: ='Schedule No. 1B'!E24 -> NIL
A69: 3.2.8 | B69: Tower type 2D1 +15 m | C69: each | D69: ='Schedule No. 1B'!E25 -> NIL
A70: 3.2.9 | B70: Tower type 2D1 +18 m | C70: each | D70: ='Schedule No. 1B'!E26 -> NIL
A71: 3.2.10 | B71: Tower type 2D1 +21 m | C71: each | D71: ='Schedule No. 1B'!E27 -> 1
A72: 3.3 | B72: Tower type "2D25" | I72: =SUM(D62:D71) -> 3
A73: 3.3.1 | B73: Tower type 2D25 Standard | C73: each | D73: ='Schedule No. 1B'!E29 -> 1
A74: 3.3.2 | B74: Tower type 2D25 +1.5 m | C74: each | D74: ='Schedule No. 1B'!E30 -> NIL
A75: 3.3.3 | B75: Tower type 2D25+3 m | C75: each | D75: ='Schedule No. 1B'!E31 -> 1
A76: 3.3.4 | B76: Tower type 2D25 +4.5 m | C76: each | D76: ='Schedule No. 1B'!E32 -> NIL
A77: 3.3.5 | B77: Tower type 2D25 +6 m | C77: each | D77: ='Schedule No. 1B'!E33 -> NIL
A78: 3.3.6 | B78: Tower type 2D25 +9 m | C78: each | D78: ='Schedule No. 1B'!E34 -> 1
A79: 3.3.7 | B79: Tower type 2D25 +12 m | C79: each | D79: ='Schedule No. 1B'!E35 -> NIL
A80: 3.3.8 | B80: Tower type 2D25 +15 m | C80: each | D80: ='Schedule No. 1B'!E36 -> 1 | I80: =SUM(D73:D80) -> 4
A81: 3.4 | B81: Tower type "2DT6"
A82: 3.4.1 | B82: Tower type 2DT6 Standard | C82: each | D82: ='Schedule No. 1B'!E38 -> 1
A83: 3.4.2 | B83: Tower type 2DT6+1.5 m | C83: each | D83: ='Schedule No. 1B'!E39 -> NIL
A84: 3.4.3 | B84: Tower type 2DT6+3 m | C84: each | D84: ='Schedule No. 1B'!E40 -> NIL
A85: 3.4.4 | B85: Tower type 2DT6+4.5 m | C85: each | D85: ='Schedule No. 1B'!E41 -> NIL
A86: 3.4.5 | B86: Tower type 2DT6+6 m | C86: each | D86: ='Schedule No. 1B'!E42 -> 1
A87: 3.4.6 | B87: Tower type 2DT6+9 m | C87: each | D87: ='Schedule No. 1B'!E43 -> 1
A88: 3.4.7 | B88: Tower type 2DT6+12 m | C88: each | D88: ='Schedule No. 1B'!E44 -> NIL
A89: 3.4.8 | B89: Tower type 2DT6+15 m | C89: each | D89: ='Schedule No. 1B'!E45 -> NIL | I89: =SUM(D82:D89) -> 3
A90: 3.5 | B90: Tower type "2QL" | J90: =SUM(E84:E89) -> 0 | L90: Heavy Suspension Tower (2D1+2Q1) | M90: =SUM(J76+J101) -> 0
A91: 3.5.1 | B91: Tower type 2QL Standard | C91: each | D91: ='Schedule No. 1B'!E47 -> NIL | L91: Tension Tower | M91: =SUM(J83+#REF!+J90+J114+J121+J127) -> #REF!
A92: 3.5.2 | B92: Tower type 2QL+1.5 m | C92: each | D92: ='Schedule No. 1B'!E48 -> NIL
A93: 3.5.3 | B93: Tower type 2QL+3 m | C93: each | D93: ='Schedule No. 1B'!E49 -> NIL
A94: 3.5.4 | B94: Tower type 2QL+4.5 m | C94: each | D94: ='Schedule No. 1B'!E50 -> NIL
A95: 3.5.5 | B95: Tower type 2QL+6 m | C95: each | D95: ='Schedule No. 1B'!E51 -> 1
A96: 3.5.6 | B96: Tower type 2QL+9 m | C96: each | D96: ='Schedule No. 1B'!E52 -> 1
A97: 3.6 | B97: Tower type "2Q1" | J97: =SUM(E91:E96) -> 0
A98: 3.6.1 | B98: Tower type 2Q1 Standard | C98: each | D98: ='Schedule No. 1B'!E54 -> NIL
A99: 3.6.2 | B99: Tower type 2Q1 +1.5 m | C99: each | D99: ='Schedule No. 1B'!E55 -> NIL
A100: 3.6.3 | B100: Tower type 2Q1 +3 m | C100: each | D100: ='Schedule No. 1B'!E56 -> NIL
A101: 3.6.4 | B101: Tower type 2Q1 +6 m | C101: each | D101: ='Schedule No. 1B'!E57 -> 1
A102: 3.6.5 | B102: Tower type 2Q1 +9 m | C102: each | D102: ='Schedule No. 1B'!E58 -> 1
A103: 3.6.6 | B103: Tower type 2Q1 +12 m | C103: each | D103: ='Schedule No. 1B'!E59 -> NIL
...

Sheet Schedule No. 4C
A1: Design, Supply, Installation, Testing & Commissioning of 230 kV and 132 kV Transmission Lines for Southern Area of Chattogram Division & Bangabandhu Hi-Tech City at Kaliakoir on Turnkey Basis (Contract No. PGCB/AIIB/000308-BGD/TL/Package-2)
A3: C. Cox's Bazar (North)-Teknaf 132 kV double circuit transmission line: 65 km (using Single ACSR Grosbeak Conductor)
A4: Item | B4: Description | C4: Unit | D4: Quantity | E4: Unit Price1 | G4: Total Price1
E6: Local Currency Portion [BDT] | F6: Foreign Currency Portion [xxx] | G6: Local Currency Portion [BDT] | H6: Foreign Currency Portion [xxx]
A7: 1 | B7: 2 | C7: 3 | D7: 4 | E7: 5 | F7: 6 | G7: 7 = 4 x 5 | H7: 8 = 4 x 6
A8: Schedule No. 4C Installation and Other Services
A9: 1 | B9: Survey and soil investigation works
A10: 1.1 | B10: Survey Work
A11: 1.1.1 | B11: Check survey in accordance with the requirements of the technical specification, incl. Full ground survey with change of route, if any, tower plotting and preparation and submission of route maps, profile drawings, SIMM documents, etc. | C11: Route km | D11: 65
A13: 1.2 | B13: Geotechnical Investigations incl. taking samples, logging and lab testing
A14: 1.2.1 | B14: Boreholes for geotechnical investigation, incl. laboratory test, borehole logs, sampling and interpretive report as per geotechnical specification
A15: (a) | B15: Level 2 | C15: borehole | D15: 1
A16: (b) | B16: Level 4 | C16: borehole | D16: 1
A17: 1.2.2 | B17: Soil resistivity tests | C17: per tower | D17: 350
A18: 2 | B18: Foundations for towers/Poles including all setting out, Concrete, Reinforcement, Excavation, Pumping, Stub-Setting, Geotechnical Investigation (Level 2/Level 4), Shuttering, Leveling, Timbering, supply & Installation of foundation steelwork, Earthing Materials,Backfilling, approved Protective Coating & site clearing etc.
A19: 2.1 | B19: Tower type "1DL"
A20: 2.1.1 | B20: Pile Foundation for Soil Category-2 | C20: per tower | D20: 60
A21: 2.1.2 | B21: Pile Foundation for Soil Category-3 | C21: per tower | D21: 60
A22: 2.1.3 | B22: Pile Foundation for Soil Category-4 | C22: per tower | D22: 30
A23: 2.1.4 | B23: Piled Foundation with 1.0m raised chimney for Soil Category-2 | C23: per tower | D23: 12
A24: 2.1.5 | B24: Piled Foundation with 1.0m raised chimney for Soil Category-3 | C24: per tower | D24: 12
A25: 2.1.6 | B25: Piled Foundation with 1.0m raised chimney for Soil Category-4 | C25: per tower | D25: 8
A26: 2.1.7 | B26: Piled Foundation with 2.0m raised chimney for Soil Category-2 | C26: per tower | D26: 12
A27: 2.1.8 | B27: Piled Foundation with 2.0m raised chimney for Soil Category-3 | C27: per tower | D27: 12
A28: 2.1.9 | B28: Piled Foundation with 2.0m raised chimney for Soil Category-4 | C28: per tower | D28: 8
A29: 2.2 | B29: Tower type "1D1" (Any extension) | I29: =SUM(D20:D28) -> 214
A30: 2.2.1 | B30: Pile Foundation for Soil Category-2 | C30: per tower | D30: 5
A31: 2.2.2 | B31: Pile Foundation for Soil Category-3 | C31: per tower | D31: 5
A32: 2.2.3 | B32: Pile Foundation for Soil Category-4 | C32: per tower | D32: 4
A33: 2.2.4 | B33: Piled Foundation with 1.0m raised chimney for any Soil Category | C33: per tower | D33: 2
A34: 2.2.5 | B34: Piled Foundation with 2.0m raised chimney for any Soil Category | C34: per tower | D34: 2 | I34: =SUM(D30:D34) -> 18
A35: 2.3 | B35: Tower type "1D25"
A36: 2.3.1 | B36: Pile Foundation for Soil Category-2 | C36: per tower | D36: 9
A37: 2.3.2 | B37: Pile Foundation for Soil Category-3 | C37: per tower | D37: 11
A38: 2.3.3 | B38: Pile Foundation for Soil Category-4 | C38: per tower | D38: 9
A39: 2.3.4 | B39: Piled Foundation with 1.0m raised chimney for any Soil Category | C39: per tower | D39: 6
A40: 2.3.5 | B40: Piled Foundation with 2.0m raised chimney for any Soil Category | C40: per tower | D40: 5 | I40: =SUM(D36:D40) -> 40
A41: 2.4 | B41: Tower type "1DT6"
A42: 2.4.1 | B42: Pile Foundation for Soil Category-2 | C42: per tower | D42: 13
A43: 2.4.2 | B43: Pile Foundation for Soil Category-3 | C43: per tower | D43: 13
A44: 2.4.3 | B44: Pile Foundation for Soil Category-4 | C44: per tower | D44: 10
A45: 2.4.4 | B45: Piled Foundation with 1.0m raised chimney for any Soil Category | C45: per tower | D45: 5
A46: 2.4.5 | B46: Piled Foundation with 2.0m raised chimney for any Soil Category | C46: per tower | D46: 5 | I46: =SUM(D42:D46) -> 46
A47: 2.5 | B47: Tower type "1QL"
A48: 2.5.1 | B48: Pile Foundation for Soil Category-2 | C48: per tower | D48: 4
A49: 2.5.2 | B49: Pile Foundation for Soil Category-3 | C49: per tower | D49: 4
A50: 2.5.3 | B50: Pile Foundation for Soil Category-4 | C50: per tower | D50: 2
A51: 2.5.4 | B51: Piled Foundation with 1.0m raised chimney for any Soil Category | C51: per tower | D51: 1
A52: 2.5.5 | B52: Piled Foundation with 2.0m raised chimney for any Soil Category | C52: per tower | D52: 1
A53: 2.6 | B53: Tower type "1Q15"
A54: 2.6.1 | B54: Pile Foundation for any Soil Category | C54: per tower | D54: 1
A55: 2.6.2 | B55: Piled Foundation with 1.0m raised chimney for any Soil Category | C55: per tower | D55: 1
A56: 2.6.3 | B56: Piled Foundation with 2.0m raised chimney for any Soil Category | C56: per tower | D56: 1
A57: 2.7 | B57: Tower type "1Q30"
A58: 2.7.1 | B58: Pile Foundation for any Soil Category | C58: per tower | D58: 1
A59: 2.7.2 | B59: Piled Foundation with 1.0m raised chimney for any Soil Category | C59: per tower | D59: 1
A60: 2.7.3 | B60: Piled Foundation with 2.0m raised chimney for any Soil Category | C60: per tower | D60: 1
A61: 2.8 | B61: Tower type "1QT6"
A62: 2.8.1 | B62: Pile Foundation for any Soil Category | C62: per tower | D62: 3
A63: 2.8.2 | B63: Piled Foundation with 1.0m raised chimney for any Soil Category | C63: per tower | D63: 1
A64: 2.8.3 | B64: Piled Foundation with 2.0m raised chimney for any Soil Category | C64: per tower | D64: 1
A65: 2.9 | B65: River Crossing Foundation for Normal (Non-River Crossing ) Tower
A66: 2.9.1 | B66: Pile foundation for tower type “1DT6” | C66: Per tower | D66: 2
A67: 2.9.2 | B67: Pile foundation for tower type “1D1” (Any extension) | C67: Per tower | D67: 2 | I67: =SUM(D48:D67) -> 27
A68: 2.10 | B68: Pole Foundation
A69: 2.10.1 | B69: Pile Foundation for any Soil Category- Pole type 1DLP | C69: per tower | D69: 1
A70: 2.10.2 | B70: Pile Foundation for any Soil Category-Pole type 1D1P | C70: per tower | D70: 1
A71: 2.10.3 | B71: Pile Foundation for any Soil Category-Pole type 1D25P | C71: per tower | D71: 1
A72: 2.10.4 | B72: Pile Foundation for any Soil Category-Pole type 1DT6P | C72: per tower | D72: 1 | I72: =SUM(D69:D73) -> 5
A73: 2.10.5 | B73: Pile Foundation for any Soil Category-Pole type 1DT9P | C73: per tower | D73: 1
A74: 3 | B74: Erection of 132kV double circuit Towers/Poles complete with all stubs, nuts, bolts, locking nuts, washers, phase conductor and earthwire swivels/shackles, step bolts, tower notice and identification plates, ACDs, ptotective coating, earthing etc. | I74: =SUM(I29:I72) -> 350
A75: 3.1 | B75: Tower type "1DL"
A76: 3.1.1 | B76: Tower type 1DL Standard | C76: each | D76: ='Schedule No. 1C'!E10 -> 20
A77: 3.1.2 | B77: Tower type 1DL+1.5 m | C77: each | D77: ='Schedule No. 1C'!E11 -> 25
A78: 3.1.3 | B78: Tower type 1DL+3 m | C78: each | D78: ='Schedule No. 1C'!E12 -> 25
A79: 3.1.4 | B79: Tower type 1DL+4.5 m | C79: each | D79: ='Schedule No. 1C'!E13 -> 40
A80: 3.1.5 | B80: Tower type 1DL+6 m | C80: each | D80: ='Schedule No. 1C'!E14 -> 52
A81: 3.1.6 | B81: Tower type 1DL+9 m | C81: each | D81: ='Schedule No. 1C'!E15 -> 52
A82: 3.2 | B82: Tower type "1D1"
A83: 3.2.1 | B83: Tower type 1D1 Standard | C83: each | D83: ='Schedule No. 1C'!E17 -> NIL
A84: 3.2.2 | B84: Tower type 1D1 +1.5 m | C84: each | D84: ='Schedule No. 1C'!E18 -> NIL
A85: 3.2.3 | B85: Tower type 1D1 +3 m | C85: each | D85: ='Schedule No. 1C'!E19 -> NIL
A86: 3.2.4 | B86: Tower type 1D1 +4.5 m | C86: each | D86: ='Schedule No. 1C'!E20 -> NIL
A87: 3.2.5 | B87: Tower type 1D1 +6 m | C87: each | D87: ='Schedule No. 1C'!E21 -> 5
A88: 3.2.6 | B88: Tower type 1D1 +9 m | C88: each | D88: ='Schedule No. 1C'!E22 -> 5
A89: 3.2.7 | B89: Tower type 1D1 +12 m | C89: each | D89: ='Schedule No. 1C'!E23 -> 10
A90: 3.3 | B90: Tower type "1D25" | I90: =SUM(D83:D89) -> 20
A91: 3.3.1 | B91: Tower type 1D25 Standard | C91: each | D91: ='Schedule No. 1C'!E25 -> 5
A92: 3.3.2 | B92: Tower type 1D25 +1.5 m | C92: each | D92: ='Schedule No. 1C'!E26 -> 7
A93: 3.3.3 | B93: Tower type 1D25+3 m | C93: each | D93: ='Schedule No. 1C'!E27 -> 10
A94: 3.3.4 | B94: Tower type 1D25 +9 m | C94: each | D94: ='Schedule No. 1C'!E28 -> 18
A95: 3.4 | B95: Tower type "1DT6"
A96: 3.4.1 | B96: Tower type 1DT6 Standard | C96: each | D96: ='Schedule No. 1C'!E30 -> 5
A97: 3.4.2 | B97: Tower type 1DT6+1.5 m | C97: each | D97: ='Schedule No. 1C'!E31 -> 5
A98: 3.4.3 | B98: Tower type 1DT6+3 m | C98: each | D98: ='Schedule No. 1C'!E32 -> 5
A99: 3.4.4 | B99: Tower type 1DT6+4.5 m | C99: each | D99: ='Schedule No. 1C'!E33 -> 9
A100: 3.4.5 | B100: Tower type 1DT6+6 m | C100: each | D100: ='Schedule No. 1C'!E34 -> 12
A101: 3.4.6 | B101: Tower type 1DT6+9 m | C101: each | D101: ='Schedule No. 1C'!E35 -> 12
A102: 3.5 | B102: Tower Type 1QL
A103: 3.5.1 | B103: Tower Type 1QL Standard | C103: each | D103: NIL
...

Sheet Schedule No. 4D
A1: Design, Supply, Installation, Testing & Commissioning of 230 kV and 132 kV Transmission Lines for Southern Area of Chattogram Division & Bangabandhu Hi-Tech City at Kaliakoir on Turnkey Basis (Contract No. PGCB/AIIB/000308-BGD/TL/Package-2)
A3: D. 132 kV Line-In-Line-Out (LILO) at Cox’s Bazar (North) substation from Dohazari - Cox’s Bazar 132 kV double circuit transmission line: 1.55 km (using Single ACSR Grosbeak equivalent ACCC conductor)
A4: Item | B4: Description | C4: Unit | D4: Quantity | E4: Unit Price1 | G4: Total Price1
E6: Local Currency Portion [BDT] | F6: Foreign Currency Portion [xxx] | G6: Local Currency Portion [BDT] | H6: Foreign Currency Portion [xxx]
A7: 1 | B7: 2 | C7: 3 | D7: 4 | E7: 5 | F7: 6 | G7: 7 = 4 x 5 | H7: 8 = 4 x 6
A8: Schedule No. 4D Installation and Other Services
A9: 1 | B9: Survey and soil investigation works
A10: 1.1 | B10: Survey Work
A11: 1.1.1 | B11: Check survey in accordance with the requirements of the technical specification, incl. Full ground survey with change of route, if any, tower plotting and preparation and submission of route maps, profile drawings, SIMM documents, etc. | C11: Route km | D11: 1.55
A13: 1.2 | B13: Geotechnical Investigations incl. taking samples, logging and lab testing
A14: 1.2.1 | B14: Boreholes for geotechnical investigation, incl. laboratory test, borehole logs, sampling and interpretive report as per geotechnical specification
A15: (a) | B15: Level 2 | C15: borehole | D15: 1
A16: (b) | B16: Level 4 | C16: borehole | D16: 1
A17: 1.2.2 | B17: Soil resistivity tests | C17: per tower | D17: 9
A18: 2 | B18: Foundations for towers/Poles including all setting out, Concrete, Reinforcement, Excavation, Pumping, Stub-Setting, Geotechnical Investigation (Level 2/ Level 4), Shuttering, Leveling, Timbering, supply & Installation of foundation steelwork, Earthing Materials,Backfilling, approved Protective Coating & site clearing etc.
A19: 2.1 | B19: Tower type "1DT6"
A20: 2.1.1 | B20: Pile Foundation for any Soil Category with 1/2 m raised chimney | C20: per tower | D20: 2
A21: 2.2 | B21: Tower Type "1QL"
A22: 2.2.1 | B22: Pile Foundation for any Soil Category with 1/2 m raised chimney | C22: per tower | D22: 1
A23: 2.3 | B23: Tower Type "1Q15"
A24: 2.3.1 | B24: Pile Foundation for any Soil Category with 1/2 m raised chimney | C24: per tower | D24: 1
A25: 2.4 | B25: Tower Type "1Q30"
A26: 2.4.1 | B26: Pile Foundation for any Soil Category with 1/2 m raised chimney | C26: per tower | D26: 2
A27: 2.5 | B27: Tower Type "1QT6"
A28: 2.5.1 | B28: Pile Foundation for any Soil Category with 1/2 m raised chimney | C28: per tower | D28: 3
A29: 3 | B29: Erection of 132kV double circuit Towers/Poles complete with all stubs, nuts, bolts, locking nuts, washers, phase conductor and earthwire swivels/shackles, step bolts, tower notice and identification plates, ACDs, ptotective coating, earthing etc. | I29: =SUM(D20:D28) -> 9
A30: 3.1 | B30: Tower type "1DT6"
A31: 3.1.1 | B31: Tower type 1DT6+6 m | C31: each | D31: ='Schedule No. 1D'!E11 -> 1
A32: 3.1.2 | B32: Tower type 1DT6+9 m | C32: each | D32: ='Schedule No. 1D'!E12 -> 1
A33: 3.2 | B33: Tower Type "1QL"
A34: 3.2.1 | B34: Tower type 1QL+9 m | C34: each | D34: ='Schedule No. 1D'!E15 -> 1
A35: 3.3 | B35: Tower Type "1Q15"
A36: 3.3.1 | B36: Tower type 1Q15+9 m | C36: each | D36: ='Schedule No. 1D'!E17 -> 1
A37: 3.4 | B37: Tower Type "1Q30"
A38: 3.4.1 | B38: Tower type 1Q30+9 m | C38: each | D38: ='Schedule No. 1D'!E19 -> 2
A39: 3.5 | B39: Tower Type "1QT6"
A40: 3.5.1 | B40: Tower type 1QT6+9 m | C40: each | D40: ='Schedule No. 1D'!E21 -> 3
A41: 3.6 | B41: Cross-arm Erection | C41: ='Schedule No. 1C'!D72 -> per set of three | D41: ='Schedule No. 1D'!E23 -> 4 | I41: =SUM(D31:D40) -> 9
A42: 3.7 | B42: Dismantling and By-Pass line Construction
A43: 3.7.1 | B43: Dismantling of existing line section (including tower, conductor, insulator and other accessories) whichever is required for line in/out, storing the dismantled materials at PGCB store (anywhere in Bangladesh) | C43: per span | D43: 1
A44: 3.7.2 | B44: By passing the required line section with Tower/Pole/ERS. Tower/Pole/ERS for by passing shall be collected from PGCB store (anywhere in Bangladesh) | C44: per span | D44: 1
A45: 3.7.3 | B45: Dismantling of by pass line after completing line in line out and storing the Tower/Pole/ERS of by pass line as PGCB store (anywhere in Bangladesh) | C45: per span | D45: 1
A46: 4 | B46: Testing of Foundations | I46: =SUM(I30:I40) -> 0 | J46: =I46 -> 0
B47: Overland Portion
A48: 4.1 | B48: Individual Pile test including supply,install and test to prove compliance with technical specification, payment for successful test only (applicable for all tower types selected by the Employer's Engineer):
A49: (a) | B49: Compression test | C49: per test | D49: 1
A50: (b) | B50: Uplift test | C50: per test | D50: 1
A51: (c) | B51: Pile Integrity test | C51: per test | D51: =9*4 -> 36
A52: 5 | B52: Stringing of double/four circuit line, two conductors per phase, 1 OPGW and 1 conventional earthwire (length approx. Route km)
A53: 5.1 | B53: Overland Portion
A54: 5.1.1 | B54: Conductor "ACSR Grosbeak equivalent ACCC" Phase Conductor (four circuit line, all circuits erected, one conductors per phase) including: Installation of insulation strings, compressed dead-ends, compression junction sleeves, suspension clamps, Sagging and clipping, Installation of armour rods and Dampers, Pilot strings and jumpers and any other works required as per specification. | C54: route km | D54: ='Schedule No. 1D'!E25 -> 1.55
A55: 5.1.2 | B55: Two optical fibre ground wire, 48 fibres 7×3.25 steel earthwire equivalent OPGW shield wire, including joint box, including:Tension and semi-tension joints, suspension clamps, armour rods and dampers,Sagging and clipping, Installation of intermediate junction boxes and terminal junction boxes at substation gantries ,Earthing jumpers | C55: route km | D55: ='Schedule No. 1D'!E26 -> 1.55
A56: 6 | B56: Documentation
A57: 6.1 | B57: Establishment of as-built drawings, manuals and all requested documents as per specifications | C57: lump sum | D57: 1
A58: 7 | B58: Miscellaneous
A59: 7.1 | B59: General and other works and services, not mentioned before | C59: lump sum | D59: 1
A60: 7.2 | B60: Transport of the material and equipment supplied from Employer's Country | C60: lump sum | D60: 1
A61: 7.3 | B61: Insurance of material and equipment supplied from Employer's Country during transport | C61: lump sum | D61: 1
A62: 7.4 | B62: Painting of 60 meter and over tower in accordance with the requirements of the Technical Specification | C62: per tower | D62: 1
A63: 7.5 | B63: Painting of tower (Reflecting Paint) upto 3 meter in submerge area in accordance with the requirements of the Technical Specification | C63: per tower | D63: NIL
A64: 7.6 | B64: Erection of OPGW connection from terminal tower to substation Gantry/Mast | C64: per wire | D64: 2
A65: 7.7 | B65: Additional counterpoise earthing in accordance with requirement of the Technical specification | C65: per meter | D65: 50
A66: 7.8 | B66: Miscellaneous Rates for works certified by the Engineer in accordance with method of Payment
A67: (a) | B67: Additional Excavation | C67: cu.m | D67: 200
A68: (b) | B68: Additional Concrete | C68: cu.m | D68: 200
A69: (c) | B69: Additional Reinforcement | C69: kg | D69: 1200
A70: (d) | B70: Extra for surface resisting cement per cu.m of concrete | C70: cu.m | D70: 100
A71: (e) | B71: Additional Boring (500mm diameter) | C71: rm | D71: 100
A72: (f) | B72: Additional Boring (600mm diameter) | C72: rm | D72: 100
A73: (g) | B73: Additional Boring (750mm diameter) | C73: rm | D73: 100
A74: (h) | B74: Sand Filling | C74: cu.m | D74: 225
A75: 7.9 | B75: Environmental and Social Services | C75: lump sum | D75: 1
A76: 7.1 | B76: STI. STD and HIV/AIDS alleviation program2 | C76: lump sum | D76: 1
A77: 7.11 | B77: Costs and Expenses related to test witness3(Provisional Sum) | C77: lump sum | D77: 1
A78: 7.12 | B78: Payment of compensation for using private land to construct transmission line towers [based on area of tower footprint] | C78: lump sum | D78: 1 | E78: 5048000 | G78: =D78*E78 -> 5048000
A79: 7.13 | B79: Payment of compensation for lines (for affected trees, crops etc. on the Right of Way and at the substation ends) | C79: lump sum | D79: 1 | E79: 8445000 | G79: =D79*E79 -> 8445000
A80: Total Columns 7 & 8 to be carried forward to Schedule No. 5 - Grand Summary
A81: 8 | B81: Total Tax and VAT deductable at source(TDS & VDS) under the schedule 4B(to be quoted in the currency similar as above)4
G84: Name of Bidder
G86: Signature of Bidder
A88: 1 Specify currencies in accordance with ITB 19.1 of the BDS. Create additional columns for up to a maximum of three foreign currencies, if so required.
A89: 2 As described in SCC 22.2.7
A90: 3 These costs are fixed ceiling and will be included in total price. But the payment shall be at actual upon submission of relevant documents.
A91: 4.Bidder shall quote the amount considering clause 14.1 of section 8(Special Conditions of Contract), Volume 1 of 3 of the bidding document. The amount quoted by bidder is subject to arithmatic correction by Employer as required.

Sheet Schedule No. 5. Grand Summary
A1: Design, Supply, Installation, Testing & Commissioning of 230 kV and 132 kV Transmission Lines for Southern Area of Chattogram Division & Bangabandhu Hi-Tech City at Kaliakoir on Turnkey Basis (Contract No.PGCB/AIIB/000308-BGD/TL/Package-2)
A3: Schedule No. 5 Grand Summary
A4: Item | B4: Description | C4: Total Price1
C6: Local Currency Portion [BDT] | D6: Foreign Currency Portion [xxx]
B7: A. Anwara-Cox's Bazar (North) 230 kV double circuit transmission line (Initially charged at 132 kV): 109 km with 0.49 km river crossing portion (using twin ACSR mallard Conductor)
B8: Schedule No. A1.1 Plant and Mandatory Spare Parts Supplied from Abroad
B9: Schedule No. A1.2 Plant and Mandatory Spare Parts Supplied from Within the Employer's Country
B10: Schedule No. A1.4 Installation and Other Services
B11: Sub-Total
B12: B. Bangabandhu Hi-Tech City-Kaliakoir 230 kV double circuit transmission line: 4.88 km (using Twin ACSR Mallard conductor)
B13: Schedule No. B2.1 Plant and Mandatory Spare Parts Supplied from Abroad
B14: Schedule No. B2.2 Plant and Mandatory Spare Parts Supplied from Within the Employer's Country
B15: Schedule No. B2.4 Installation and Other Services
B16: Sub-Total
B17: C. Cox's Bazar (North)-Teknaf 132 kV double circuit transmission line: 65 km (using Single ACSR Grosbeak Conductor)
B18: Schedule No. C3.1 Plant and Mandatory Spare Parts Supplied from Abroad
... B26: Sub-Total
A27: 3 | B27: Schedule No. 3 Design Services (A+B+C+D)
B28: GRAND TOTAL
C30: Name of Bidder
C32: Signature of Bidder
A34: 1. Specify currencies in accordance with ITB 19.1 of the BDS. Create additional columns for up to a maximum of three foreign currencies, if so required.
A35: 2. Taxes and/or duties from Schedule 1 and 2 may be added to the contract price in accordance with GCC 14 (Taxes and Duties) but excluded from bid evaluation in accordance with ITB 39.2" 3. All sections, considered here is for one single project. If an item (alongwith unit price) is not available in a section but available in another section of this contract; during execution, if such item (alongwith unit price) is needed to be used in the section where the item is not available then such item (alongwith unit price) can be used in the section where it in not available. If the same exists in more than one item lowest unit price among them will be considered.

Sheet Schedule No. 6
A1: Design, Supply, Installation, Testing & Commissioning of 230 kV and 132 kV Transmission Lines for Southern Area of Chattogram Division & Bangabandhu Hi-Tech City at Kaliakoir on Turnkey Basis (Contract No. PGCB/AIIB/000308-BGD/TL/Package-2)
A3: Schedule No. 6. Recommended Spare Parts
A4: Item | B4: Description | C4: Unit | D4: Quantity | E4: Unit Price1 | G4: Total Price1
E7: Local Currency Portion [BDT] | F7: Foreign Currency Portion [xxxxx] | G7: Local Currency Portion [BDT] | H7: Foreign Currency Portion [xxx]
A8: 1 | B8: 2 | C8: 3 | D8: 4 | E8: 5 | F8: 6 | G8: 7 = 4 x 5 | H8: 8 = 4 x 6
G21: Name of Bidder
G23: Signature of Bidder
A26: 1. Specify currencies in accordance with ITB 19.1 of the BDS. Create additional columns for up to a maximum of three foreign currencies, if so required.
